Workbook
Name Duracion: 'PPTO INTERV'!$J$10
Name FActor: '[1]FACTOR MULTIPLICADOR'!$F$43

Sheet BASE PRESUPUESTO AJUSTE ABRIL22
C3: INSTITUTO DE INFRAESTRUCTURA Y CONCESIONES DE CUNDINAMARCA - ICCU | N3: MEJORAMIENTO Y REHABILITACIÓN DE LAS VIAS QUE COMUNICAN EL CASCO URBANO DEL MUNICIPIO DE JUNÍN CON LAS INSPECCIONES DE CLARAVAL Y CHUSCALES, DEPARTAMENTO DE CUNDINAMARCA EN EL MARCO DE PLAN 500. GRUPO X
C4: SUBGERENCIA DE INFRAESTRUTURA
C5: PRESUPUESTO DE OBRA
Q7: ANCHO DE VÍA
E8: MEJORAMIENTO Y REHABILITACIÓN DE LAS VIAS QUE COMUNICAN EL CASCO URBANO DEL MUNICIPIO DE LA MESA CON LAS INSPECCIONES DE SAN JOAQUIN Y SAN JAVIER, DEPARTAMENTO DE CUNDINAMARCA EN EL MARCO DE PLAN 500. GRUPO 4 | Q8: 6 | R8: 6
E9: TRAMO 1. EL CRUCE - SAN JOAQUÍN
Q10: OBJETO
C11: Nº | D11: ITEM | E11: INVIAS | F11: ITEM PAGO | G11: DESCRIPCIÓN | H11: UND. | I11: CANTIDAD | J11: VALOR UNITARIO | K11: VALOR TOTAL | Q11: REHABILITACIÓN Y MEJORAMIENTO DE LA VÍA QUE COMUNICA LA INSPECCIÓN DE SAN JOAQUIN CON EL MUNICIPIO DE LA MESA, CUNDINAMARCA
C12: EXPLANACIÓN Y EXCAVACIONES
C13: 1 | D13: 2.9 | E13: INV 600.1 | G13: EXCAVACIONES VARIAS SIN CLASIFICAR (INCLUYE RETIRO DE SOBRANTES A UNA DISTANCIA MENOR DE 5 KM) | H13: M3 | I13: ='1'!K18 -> 1484.0986 | J13: 23279 | K13: =ROUND(I13*J13,0) -> 34548330
C14: 2 | D14: 1.6 | E14: *** | G14: TRANSPORTE DE MATERIALES PROV. DE EXLANACIÓN, CANALES, PRESTAMOS, SOBREACARREOS Y DERRUMBES | H14: M3-KM | I14: ='3'!K21*40 -> 2201866.8 | J14: 1444 | K14: =ROUND(I14*J14,0) -> 3179495672 | N14: BACHES | R14: TRAMOS PAVIMENTADOS | W14: PUENTES | AB14: TRAMOS INESTABLES | AF14: FILTROS | AK14: MUROS | AP14: CUNETAS | AY14: ALCANTARILLAS | BE14: 0.08 | BG14: ASFALTO | BJ14: BOX COULVERT
C15: Subtotal | K15: =SUM(K13:K14) -> 3214044002 | M15: =K15*1.35 -> 4.3389594e+09 | N15: ABCISA | O15: LONGITUD | R15: ABCISA | T15: LONGITUD | W15: ABCISA | Y15: LONGITUD | Z15: ANCHO | AB15: ABCISA | AD15: LONGITUD | AF15: ABCISA | AH15: LONGITUD | AI15: LONGITUD TOTAL | AK15: ABCISA | AM15: LONGITUD | AN15: ANCHO | AO15: ALTO | AP15: ABCISA | AR15: LONGITUD | AS15: IZQUIERDA | AT15: ANCHO DISPONIBLE | AU15: DERECHA | AV15: ANCHO DISPONIBLE | AY15: ABCISA | BE15: 0.2 | BG15: BASE GRANULAR | BJ15: ABCISA | BK15: LONGITUD | BL15: ALTO | BM15: ANCHO | BN15: ELEMENTOS
C16: ESTRUCTURA DE PAVIMENTO | N16: K 1+055 al K 1+280 | O16: =ROUNDUP(T16/50,0) -> 5 | R16: K 1+055 al K 1+280 | T16: 225 | W16: K 0+240 | Y16: 16 | Z16: 5.5 | AB16: K 0+875 al K 1+075 | AD16: 30 | AF16: K 0+240 al K 0+555 | AH16: 315 | AI16: =AH16*2 -> 630 | AK16: K 0+735 | AM16: 56 | AN16: 2.5 | AO16: 3.5 | AP16: K 0+240 al K 1+055 | AR16: 815 | AS16: 260 | AT16: 0.75 | AU16: 815 | AV16: 0.75 | AW16: =AS16+AU16 -> 1075 | AY16: K 0+555 | AZ16: 36" | BE16: 0.25 | BG16: SUBBASE GRANULAR | BJ16: K 0+875 al K 1+075 | BK16: 30
C17: =C14+1 -> 3 | D17: 3.1 | E17: INV 460.1 | G17: FRESADO CONCRETO ASFÁLTICO (E=5-15 cm) | H17: M2 | I17: =#REF! -> #REF! | J17: 6176 | K17: =ROUND(I17*J17,0) -> #REF! | N17: K 1+540 al K 1+760 | O17: =ROUNDUP(T17/50,0) -> 5 | R17: K 1+540 al K 1+760 | T17: 220 | W17: K 6+240 | Y17: 4 | Z17: 5.9 | AB17: K 6+840 al K 7+230 | AD17: 390 | AF17: K 6+840 al K 7+230 | AH17: 390 | AI17: =AH17*2 -> 780 | AK17: K 2+610 | AM17: 17 | AN17: 1.2 | AO17: 1.5 | AP17: K 1+280 al K 1+540 | AR17: 260 | AS17: 260 | AT17: 0.6 | AU17: 260 | AV17: 0.6 | AW17: =AS17+AU17 -> 520 | AY17: K 1+280 | AZ17: - | BE17: 0.1 | BG17: SELLO AFIRMADO | BJ17: CAJON | BK17: 14 | BL17: 3.5 | BM17: 0.3 | BN17: 4
C18: =C17+1 -> 4 | D18: 3.2 | E18: INV 330.1 | G18: SUBBASE GRANULAR | H18: M3 | I18: ='6'!K13 -> 436.8168 | J18: 159079 | K18: =ROUND(I18*J18,0) -> 69488380 | N18: K 1+820 al K 1+920 | O18: =ROUNDUP(T18/50,0) -> 2 | R18: K 1+820 al K 1+920 | T18: 100 | BJ18: ALETAS | BK18: 1.5 | BL18: 3.5 | BM18: 0.3 | BN18: 4
C19: =C18+1 -> 5 | D19: 3.3 | E19: INV 330.1 | G19: BASE GRANULAR | H19: M3 | I19: ='8'!K13 -> 305.77176 | J19: 186673 | K19: =ROUND(I19*J19,0) -> 57079332 | N19: K 2+115 al K 3+115 | O19: =ROUNDUP(T19/50,0) -> 4 | R19: K 2+115 al K 3+115 | T19: 200 | W19: Total | Y19: =SUM(Y16:Y17) -> 20 | Z19: m | AB19: Total | AD19: =SUM(AD16:AD17) -> 420 | AE19: m | AF19: Total | AI19: =SUM(AI16:AI17) -> 1410 | AJ19: m | AM19: =SUM(AM16+AM17) -> 73 | AP19: K 1+760 al K 2+115 | AR19: 355 | AS19: 355 | AT19: 0.75 | AU19: 355 | AV19: 0.75 | AW19: =AS19+AU19 -> 710 | AY19: K 1+410 | AZ19: - | BE19: 0.3 | BG19: MEJORAMIENTO EN RAJON | BJ19: ZARPAS ALETAS | BK19: 2.1 | BL19: 0.3 | BM19: 1.5 | BN19: 4
C20: =C19+1 -> 6 | D20: 3.5 | E20: INV 420.1 | G20: RIEGO DE IMPRIMACIÓN | H20: M2 | I20: ='10'!K21 -> 249.4992 | J20: 4412 | K20: =ROUND(I20*J20,0) -> 1100790 | N20: K 2+400 al K 2+940 | O20: =ROUNDUP(T20/50,0) -> 11 | R20: K 2+400 al K 2+940 | T20: 540 | AP20: K 2+315 al K 2+400 | AR20: 85 | AS20: 85 | AT20: 0.75 | AU20: 85 | AV20: 0.75 | AW20: =AS20+AU20 -> 170 | AY20: K 1+760 | AZ20: 24"
C21: =C20+1 -> 7 | D21: 3.6 | E21: INV 421.1 | G21: RIEGO DE LIGA CON EMULSIÓN ASFÁLTICA CRR-1 | H21: M2 | I21: =#REF! -> #REF! | J21: 1274 | K21: =ROUND(I21*J21,0) -> #REF! | N21: K 3+070 al K 3+320 | O21: =ROUNDUP(T21/50,0) -> 5 | R21: K 3+070 al K 3+320 | T21: 250 | AP21: K 2+800 al K 2+980 | AR21: 180 | AS21: 180 | AT21: 0.75 | AU21: 180 | AV21: 0.75 | AW21: =AS21+AU21 -> 360 | AY21: K 1+920 | AZ21: - | BD21: Profundidad cms | BE21: =SUM(BE14:BE19) -> 0.93
C22: =C21+1 -> 8 | D22: 3.8 | E22: INV 510.1 | G22: PAVIMENTO DE ADOQUINES DE CONCRETO | H22: M2 | I22: =#REF! -> #REF! | J22: 74127 | K22: =ROUND(I22*J22,0) -> #REF! | N22: K 4+110 al K 4+210 | O22: =ROUNDUP(T22/50,0) -> 2 | R22: K 4+110 al K 4+210 | T22: 100 | AP22: K 3+320 al K 4+110 | AR22: 790 | AS22: 790 | AT22: 0.9 | AU22: 790 | AV22: 0.9 | AW22: =AS22+AU22 -> 1580 | AY22: K 2+610 | AZ22: -
C23: =C22+1 -> 9 | D23: 3.10 | E23: INV 450.2 P | G23: MEZCLA DENSA EN CALIENTE TIPO MDC-19 (INCLUYE CEMENTO ASFÁLTICO) | H23: M3 | I23: =#REF! -> #REF! | J23: 884215 | K23: =ROUND(I23*J23,0) -> #REF! | N23: K 4+390 al K 4+490 | O23: =ROUNDUP(T23/50,0) -> 2 | R23: K 4+390 al K 4+490 | T23: 100 | AP23: K 4+210 al K 4+309 | AR23: 180 | AS23: 180 | AT23: 0.9 | AU23: 180 | AV23: 0.9 | AW23: =AS23+AU23 -> 360 | AY23: K 2+680 | AZ23: -
C24: =C23+1 -> 10 | D24: 3.15 | E24: INV 311,1 | G24: AFIRMADO | H24: M3 | I24: =#REF! -> #REF! | J24: 134557 | K24: =ROUND(I24*J24,0) -> #REF! | N24: K 4+640 al K 4+875 | O24: =ROUNDUP(T24/50,0) -> 5 | R24: K 4+640 al K 4+875 | T24: 235 | AP24: K 4+490 al K 4+640 | AR24: 150 | AS24: 150 | AT24: 0.75 | AU24: 150 | AV24: 0.75 | AW24: =AS24+AU24 -> 300 | AY24: K 2+800 | AZ24: 36"
C25: =C24+1 -> 11 | D25: 3.22 | E25: *** | G25: RAJÓN PARA MEJORAMIENTO DE LA SUBRASANTE | H25: M3 | I25: =#REF! -> #REF! | J25: 147129 | K25: =ROUND(I25*J25,0) -> #REF! | N25: K 5+895 al K 6+305 | O25: =ROUNDUP(T25/50,0) -> 9 | R25: K 5+895 al K 6+305 | T25: 410 | AP25: K 5+185 al K 5+895 | AR25: 710 | AS25: 710 | AT25: 0.75 | AU25: 710 | AV25: 0.75 | AW25: =AS25+AU25 -> 1420 | AY25: K 2+980 | AZ25: 24"
C26: Subtotal | K26: =SUM(K17:K25) -> #REF! | M26: =K26*1.35 -> #REF! | N26: K 6+600 al K 6+840 | O26: =ROUNDUP(T26/50,0) -> 5 | R26: K 6+600 al K 6+840 | T26: 240 | AP26: K 6+305 al K 6+600 | AR26: 295 | AS26: 295 | AT26: 0.75 | AU26: 295 | AV26: 0.75 | AW26: =AS26+AU26 -> 590 | AY26: K 3+500 | AZ26: -
C27: DESAGÜES E INSTALACIONES SUBTERRÁNEAS | N27: K 7+225 al K 8+000 | O27: =ROUNDUP(T27/50,0) -> 16 | R27: K 7+225 al K 8+000 | T27: 775 | AR27: =SUM(AR16:AR26) -> 3820 | AU27: =SUM(AU16:AU26) -> 3820 | AW27: =SUM(AW16:AW26) -> 7085 | AX27: m de cunetas | AY27: K 3+580 | AZ27: -
C28: =C25+1 -> 12 | D28: 3.11C | E28: *** | G28: TUBERÍA DRENAJE PVC 110 | H28: M | I28: =#REF! -> #REF! | J28: 33078 | K28: =ROUND(I28*J28,0) -> #REF! | O28: =ROUNDUP(SUM(O16:O27),0) -> 71 | R28: Total | T28: =SUM(T16:T27) -> 3395 | U28: m | AU28: =AU27+AU27 -> 7640
C29: Subtotal | K29: =SUM(K28) -> #REF! | M29: =K29*1.35 -> #REF! | AY29: K 3+860 | AZ29: -
C30: OBRAS DE ARTE | AY30: K 3+915 | AZ30: -
C31: =C28+1 -> 13 | D31: 4.6 | E31: INV 630.4 | G31: CONCRETOS CLASE D, f´c =3000 psi (bases) | H31: M3 | I31: =#REF! -> #REF! | J31: 660549 | K31: =ROUND(I31*J31,0) -> #REF! | AY31: K 4+340 | AZ31: -
C32: =C31+1 -> 14 | D32: 4.7 | E32: INV 630.4 | G32: CONCRETOS CLASE D, f´c =3000 psi (elevaciones) | H32: M3 | I32: ='11'!K16 -> 1898.48 | J32: 778614 | K32: =ROUND(I32*J32,0) -> 1478183107 | AY32: K 4+640 | AZ32: 24"
C33: =C32+1 -> 15 | D33: 4.9 | E33: INV 630.4 | G33: CONCRETOS CLASE D, f´c =3000 psi (box coulvert) | H33: M3 | I33: ='12'!K18 -> 232.656 | J33: 683116 | K33: =ROUND(I33*J33,0) -> 158931036 | AY33: K 4+855 | AZ33: -
C34: =C33+1 -> 16 | D34: 4.15 | E34: INV 621.1P | G34: PILOTE EN CONCRETO DE 3000 PSI, DIÁMETRO 1.5M. CONSTRUCCIÓN MANUAL (INCLUYE EXCAVACIÓN EN CUALQUIER TIPO DE MATERIAL, REFUERZO Y ANILLOS) | H34: M | I34: =#REF! -> #REF! | J34: 5511636 | K34: =ROUND(I34*J34,0) -> #REF! | AY34: K 5+185 | AZ34: -
C35: =C34+1 -> 17 | D35: 4.21 | E35: INV 671.1 | G35: CUNETA DE CONCRETO CLASE E, 3000 PSI FUNDIDA EN EL LUGAR | H35: M3 | I35: =#REF! -> #REF! | J35: 635994 | K35: =ROUND(I35*J35,0) -> #REF! | AY35: K 5+405 | AZ35: -
C36: =C35+1 -> 18 | D36: 4.22 | E36: INV 673.1 | G36: MATERIAL GRANULAR FILTRANTE | H36: M3 | I36: =#REF! -> #REF! | J36: 194774 | K36: =ROUND(I36*J36,0) -> #REF!
C37: =C36+1 -> 19 | D37: 4.23 | E37: INV 610.1 | G37: RELLENO PARA ESTRUCTURAS | H37: M3 | I37: =#REF! -> #REF! | J37: 141838 | K37: =ROUND(I37*J37,0) -> #REF! | AY37: K 5+755 | AZ37: -
C38: =C37+1 -> 20 | D38: 4.24 | E38: INV 630.6 | G38: CONCRETO CLASE F, 2000 PSI PARA SOLADOS Y ATRAQUES | H38: M3 | I38: =#REF! -> #REF! | J38: 438942 | K38: =ROUND(I38*J38,0) -> #REF! | AY38: K 5+940 | AZ38: -
C39: =C38+1 -> 21 | D39: 4.32 | E39: INV 681.1 | G39: GAVIÓN MALLA PVC | H39: M3 | I39: =#REF! -> #REF! | J39: 254872 | K39: =ROUND(I39*J39,0) -> #REF! | AY39: K 5+990 | AZ39: -
C40: =C39+1 -> 22 | D40: 4.42 | E40: *** | G40: SUMINISTRO E INSTALACIÓN DE GEOTEXTIL NT 2500 (ESTABILIZACIÓN, FILTRO Y SEPARACIÓN) | H40: M2 | I40: =#REF! -> #REF! | J40: 9790 | K40: =ROUND(I40*J40,0) -> #REF! | AY40: K 6+455 | AZ40: 36"
C41: =C40+1 -> 23 | D41: 4.48 | E41: INV 661.1 | G41: SUMINISTRO E INSTALACIÓN DE TUBERÍA DE CONCRETO REFORZADO Ø=36" CLASE I, INCLUYE EMBOQUILLADA | H41: M | I41: =#REF! -> #REF! | J41: 708408 | K41: =ROUND(I41*J41,0) -> #REF! | AY41: K 7+230 | AZ41: -
C42: =C41+1 -> 24 | D42: 4.48 | E42: INV 661.1 | G42: PIEDRA PEGADA PARA DESCOLE DE ESTRUCTURAS | H42: M2 | I42: =#REF! -> #REF! | J42: 66930 | K42: =ROUND(I42*J42,0) -> #REF! | AY42: K 7+575 | AZ42: 36"
C43: Subtotal | K43: =SUM(K31:K42) -> #REF! | M43: =K43*1.35 -> #REF! | AY43: K 7+870 | AZ43: -
C44: ESTRUCTURAS EN CONCRETO | AY44: K 7+890 | AZ44: -
C45: =C42+1 -> 25 | D45: 4.52 | E45: INV 640.1 | G45: SUMINISTRO FIGURADO Y ARMADO DE ACERO DE REFUERZO 60000 PSI | H45: KG | I45: 80668.751 | J45: 8317 | K45: =ROUND(I45*J45,0) -> 670922005
C46: Subtotal | K46: =SUM(K45:K45) -> 670922005 | M46: =K46*1.35 -> 9.0574471e+08
C47: MANTENIMIENTO VIAL
C48: =C45+1 -> 26 | D48: 6.2 | E48: INV 801.6 | G48: LIMPIEZA DE ALCANTARILLAS CON DIÁMETRO MENOR O IGUAL A Ø= 36", INCLUYE RECTIFICACIÓN DE DESCOLES, Y RETIRO DE SOBRANTES A UNA DISTANCIA DE 5 KM | H48: UN | I48: =#REF! -> #REF! | J48: 168638 | K48: =ROUND(I48*J48,0) -> #REF!
C49: =+C48+1 -> 27 | D49: 6.6 | E49: INV 801.4 | G49: LIMPIEZA A MANO DE CUNETAS EN CONCRETO (INCLUYE RETIRO DE SOBRANTES A UNA DISTANCIA DE 5 KM) | H49: M2 | I49: =#REF! -> #REF! | J49: 2005 | K49: =ROUND(I49*J49,0) -> #REF!
C50: Subtotal | K50: =SUM(K48:K49) -> #REF! | M50: =K50*1.35 -> #REF!
C51: SUBTOTAL COSTO DIRECTO | K51: =K15+K26+K29+K43+K46+K50 -> #REF! | M51: =K51*1.35 -> #REF!
C53: SUBTOTAL COSTO DIRECTO TOTAL | K53: =K51 -> #REF!
C55: AIU(35%) | K55: =+ROUND(K53*0.35,0) -> #REF!
C57: VALOR TOTAL | K57: =K53+K55 -> #REF!
C59: SEÑALIZACIÓN Y SEGURIDAD
C60: =C49+1 -> 28 | D60: 5.1 | E60: INV 700.1 | G60: LÍNEAS DE DEMARCACIÓN CON PINTURA EN FRÍO | H60: M | I60: =#REF! -> #REF! | J60: 4474 | K60: =ROUND(I60*J60,0) -> #REF!
C61: =+C60+1 -> 29 | D61: 5.2 | E61: INV 700.3 | G61: MARCA VIAL CON PINTURA EN FRÍO | H61: M2 | I61: =#REF! -> #REF! | J61: 48907 | K61: =ROUND(I61*J61,0) -> #REF!
C62: =+C61+1 -> 30 | D62: 5.6 | E62: INV 701.1 | G62: SUMINISTRO E INSTALACIÓN DE TACHAS REFLECTIVAS | H62: UN | I62: =#REF! -> #REF! | J62: 15153 | K62: =ROUND(I62*J62,0) -> #REF!
C63: =+C62+1 -> 31 | D63: *** | E63: *** | G63: SUMINISTRO E INSTALACIÓN DE ESTOPEROLES DE 10x3.0 CM | H63: UN | I63: =#REF! -> #REF! | J63: 16166 | K63: =ROUND(I63*J63,0) -> #REF!
C64: =+C63+1 -> 32 | D64: *** | E64: *** | G64: SEÑAL VERTICAL DE TRANSITO TIPO 1 CON LAMINA RETROREFLECTIVA TIPO III (75x75 CM) | H64: UN | I64: 96 | J64: 280643 | K64: =ROUND(I64*J64,0) -> 26941728
C65: =+C64+1 -> 33 | D65: *** | E65: *** | G65: DEFENSA METALICA | H65: M | I65: =#REF! -> #REF! | J65: 165755 | K65: =ROUND(I65*J65,0) -> #REF!
C66: =+C65+1 -> 34 | D66: *** | E66: *** | G66: TOPE DEFENSA METALICA | H66: UN | I66: =#REF! -> #REF! | J66: 93455 | K66: =ROUND(I66*J66,0) -> #REF!
C67: Subtotal | K67: =SUM(K60:K66) -> #REF!
C69: SUBTOTAL COSTO DIRECTO | K69: =K67 -> #REF! | M69: =K69*1.35 -> #REF!
C71: SUBTOTAL COSTO DIRECTO TOTAL | K71: =K69 -> #REF! | M71: =K71*1.35 -> #REF!
C73: AIU(35%) | K73: =+ROUND(K71*0.35,0) -> #REF!
C75: VALOR TOTAL | K75: =K71+K73 -> #REF! | M75: =K75*1.35 -> #REF!
C77: VALOR TOTAL OBRAS TRAMO 2 | K77: =K57+K75 -> #REF! | M77: =K77*1.35 -> #REF!
E80: TRAMO 1. LA MESA - EL CRUCE - SAN JAVIER
C82: Nº | D82: ITEM | E82: INVIAS | F82: ITEM PAGO | G82: DESCRIPCION | H82: UND. | I82: CANTIDAD | J82: VALOR UNITARIO | K82: VALOR TOTAL
C83: EXPLANACIÓN Y EXCAVACIONES
C84: 1 | D84: 2.9 | E84: INV 600.1 | G84: EXCAVACIONES VARIAS SIN CLASIFICAR (INCLUYE RETIRO DE SOBRANTES A UNA DISTANCIA MENOR DE 5 KM) | H84: M3 | I84: 3282.3747 | J84: 23279 | K84: =ROUND(I84*J84,0) -> 76410401
C85: =C84+1 -> 2 | D85: 1.6 | E85: *** | G85: TRANSPORTE DE MATERIALES PROV. DE EXLANACIÓN, CANALES, PRESTAMOS, SOBREACARREOS Y DERRUMBES | H85: M3-KM | I85: 131294.99 | J85: 1444 | K85: =ROUND(I85*J85,0) -> 189589963
C86: Subtotal | K86: =SUM(K84:K85) -> 266000364 | M86: =K86*1.35 -> 3.5910049e+08
C87: ESTRUCTURA DE PAVIMENTO
C88: =C85+1 -> 3 | D88: 3.1 | E88: INV 460.1 | G88: FRESADO CONCRETO ASFÁLTICO (E=5-15 cm) | H88: M2 | I88: 5232 | J88: 6176 | K88: =ROUND(I88*J88,0) -> 32312832
C89: =C88+1 -> 4 | D89: 3.2 | E89: INV 330.1 | G89: SUBBASE GRANULAR | H89: M3 | I89: 259.5 | J89: 159079 | K89: =ROUND(I89*J89,0) -> 41281001
C90: =C89+1 -> 5 | D90: 3.3 | E90: INV 330.1 | G90: BASE GRANULAR | H90: M3 | I90: 1919.4 | J90: 186673 | K90: =ROUND(I90*J90,0) -> 358300156
C91: =C90+1 -> 6 | D91: 3.4 | E91: *** | G91: EXCAVACIÓN PARA REPARACIÓN DEL PAVIMENTO EXISTENE (INCLUYE RETIRO DE ESCOMBROS CON CARGUE MENOR A 5 KM) | H91: M3 | I91: 3.36 | J91: 156211 | K91: =ROUND(I91*J91,0) -> 524869
C92: =C91+1 -> 7 | D92: 3.5 | E92: INV 420.1 | G92: RIEGO DE IMPRIMACIÓN | H92: M2 | I92: 6174 | J92: 4412 | K92: =ROUND(I92*J92,0) -> 27239688
C93: =C92+1 -> 8 | D93: 3.6 | E93: INV 421.1 | G93: RIEGO DE LIGA CON EMULSIÓN ASFÁLTICA CRR-1 | H93: M2 | I93: 328.9 | J93: 1274 | K93: =ROUND(I93*J93,0) -> 419019
C94: =C93+1 -> 9 | D94: 3.8 | E94: INV 510.1 | G94: PAVIMENTO DE ADOQUINES DE CONCRETO | H94: M2 | I94: 6120 | J94: 74127 | K94: =ROUND(I94*J94,0) -> 453657240
C95: =C94+1 -> 10 | D95: 3.10 | E95: INV 450.2 P | G95: MEZCLA DENSA EN CALIENTE TIPO MDC-19 (INCLUYE CEMENTO ASFÁLTICO) | H95: M3 | I95: 469.92 | J95: 884215 | K95: =ROUND(I95*J95,0) -> 415510313
C96: =C95+1 -> 11 | D96: 3.15 | E96: INV 311,1 | G96: AFIRMADO | H96: M3 | I96: 43.8 | J96: 134557 | K96: =ROUND(I96*J96,0) -> 5893597
C97: =C96+1 -> 12 | D97: 3.22 | E97: *** | G97: RAJÓN PARA MEJORAMIENTO DE LA SUBRASANTE | H97: M3 | I97: 131.4 | J97: 147129 | K97: =ROUND(I97*J97,0) -> 19332751
C98: Subtotal | K98: =SUM(K88:K97) -> 1354471466 | M98: =K98*1.35 -> 1.8285365e+09
C99: DESAGÜES E INSTALACIONES SUBTERRÁNEAS
C100: =C97+1 -> 13 | D100: 3.11C | E100: P | G100: TUBERÍA DRENAJE PVC 110 | H100: M | I100: 1167 | J100: 33078 | K100: =ROUND(I100*J100,0) -> 38602026
C101: Subtotal | K101: =SUM(K100) -> 38602026 | M101: =K101*1.35 -> 52112735
C102: OBRAS DE ARTE
C103: =C100+1 -> 14 | D103: 4.6 | E103: INV 630.4 | G103: CONCRETOS CLASE D, f´c =3000 psi (bases) | H103: M3 | I103: 60.42084 | J103: 660549 | K103: =ROUND(I103*J103,0) -> 39910925
C104: =C103+1 -> 15 | D104: 4.7 | E104: INV 630.4 | G104: CONCRETOS CLASE D, f´c =3000 psi (elevaciones) | H104: M3 | I104: 21.025 | J104: 778614 | K104: =ROUND(I104*J104,0) -> 16370359
C105: =C104+1 -> 16 | D105: 4.15 | E105: INV 621.1P | G105: PILOTE EN CONCRETO DE 3000 PSI, DIÁMETRO 1.5M. CONSTRUCCIÓN MANUAL (INCLUYE EXCAVACIÓN EN CUALQUIER TIPO DE MATERIAL, REFUERZO Y ANILLOS) | H105: M | I105: 15 | J105: 5511636 | K105: =ROUND(I105*J105,0) -> 82674540
C106: =C105+1 -> 17 | D106: 4.21 | E106: INV 671.1 | G106: CUNETA DE CONCRETO CLASE E, 3000 PSI FUNDIDA EN EL LUGAR | H106: M3 | I106: 659.63231 | J106: 635994 | K106: =ROUND(I106*J106,0) -> 419522192
C107: =C106+1 -> 18 | D107: 4.22 | E107: INV 673.1 | G107: MATERIAL GRANULAR FILTRANTE | H107: M3 | I107: 540.48 | J107: 194774 | K107: =ROUND(I107*J107,0) -> 105271452
C108: =C107+1 -> 19 | D108: 4.23 | E108: INV 610.1 | G108: RELLENO PARA ESTRUCTURAS | H108: M3 | I108: 53.211611 | J108: 141838 | K108: =ROUND(I108*J108,0) -> 7547428
C109: =C108+1 -> 20 | D109: 4.24 | E109: INV 630.6 | G109: CONCRETO CLASE F, 2000 PSI PARA SOLADOS Y ATRAQUES | H109: M3 | I109: 10.677611 | J109: 438942 | K109: =ROUND(I109*J109,0) -> 4686852
C110: =C109+1 -> 21 | D110: 4.42 | E110: *** | G110: SUMINISTRO E INSTALACIÓN DE GEOTEXTIL NT 2500 (ESTABILIZACIÓN, FILTRO Y SEPARACIÓN) | H110: M2 | I110: 3603.2 | J110: 9790 | K110: =ROUND(I110*J110,0) -> 35275328
C111: =C110+1 -> 22 | D111: 4.48 | E111: INV 661.1 | G111: SUMINISTRO E INSTALACIÓN DE TUBERÍA DE CONCRETO REFORZADO Ø=36" CLASE I, INCLUYE EMBOQUILLADA | H111: M | I111: 12 | J111: 708408 | K111: =ROUND(I111*J111,0) -> 8500896
C112: Subtotal | K112: =SUM(K103:K111) -> 719759972 | M112: =K112*1.35 -> 9.7167596e+08
C113: ESTRUCTURAS EN CONCRETO
C114: =C111+1 -> 23 | D114: 4.52 | E114: INV 640.1 | G114: SUMINISTRO FIGURADO Y ARMADO DE ACERO DE REFUERZO 60000 PSI | H114: KG | I114: 53452.043 | J114: 8317 | K114: =ROUND(I114*J114,0) -> 444560639
C115: Subtotal | K115: =SUM(K114:K114) -> 444560639 | M115: =K115*1.35 -> 6.0015686e+08
...

Sheet Hoja1
B3: CUNETA | C3: SOBREANCHO | D3: HUELLA | E3: SEPARADOR | F3: HUELLA | G3: SOBREANCHO | H3: CUNETA | I3: SIN SOBRE ANCHOS | J3: ANCHO DISPONIBLE | K3: ANCHO TOTAL
B4: 0.75 | C4: =(J4-I4)/2 -> 0.15 | D4: 0.9 | E4: 0.9 | F4: 0.9 | G4: =(J4-I4)/2 -> 0.15 | H4: 0.75 | I4: =B4+D4+E4+F4+H4 -> 4.2 | J4: 4.5 | K4: =SUM(B4:H4) -> 4.5
B5: 0.75 | C5: =(J5-I5)/2 -> 0.2 | D5: 0.9 | E5: 0.9 | F5: 0.9 | G5: =(J5-I5)/2 -> 0.2 | H5: 0.75 | I5: =B5+D5+E5+F5+H5 -> 4.2 | J5: 4.6 | K5: =SUM(B5:H5) -> 4.6
B6: 0.75 | C6: =(J6-I6)/2 -> 0.25 | D6: 0.9 | E6: 0.9 | F6: 0.9 | G6: =(J6-I6)/2 -> 0.25 | H6: 0.75 | I6: =B6+D6+E6+F6+H6 -> 4.2 | J6: 4.7 | K6: =SUM(B6:H6) -> 4.7
B7: 0.75 | C7: =(J7-I7)/2 -> 0.3 | D7: 0.9 | E7: 0.9 | F7: 0.9 | G7: =(J7-I7)/2 -> 0.3 | H7: 0.75 | I7: =B7+D7+E7+F7+H7 -> 4.2 | J7: 4.8 | K7: =SUM(B7:H7) -> 4.8
B8: 0.75 | C8: =(J8-I8)/2 -> 0.35 | D8: 0.9 | E8: 0.9 | F8: 0.9 | G8: =(J8-I8)/2 -> 0.35 | H8: 0.75 | I8: =B8+D8+E8+F8+H8 -> 4.2 | J8: 4.9 | K8: =SUM(B8:H8) -> 4.9
B9: 0.75 | C9: =(J9-I9)/2 -> 0.4 | D9: 0.9 | E9: 0.9 | F9: 0.9 | G9: =(J9-I9)/2 -> 0.4 | H9: 0.75 | I9: =B9+D9+E9+F9+H9 -> 4.2 | J9: 5 | K9: =SUM(B9:H9) -> 5
B10: 0.75 | C10: =(J10-I10)/2 -> 0.45 | D10: 0.9 | E10: 0.9 | F10: 0.9 | G10: =(J10-I10)/2 -> 0.45 | H10: 0.75 | I10: =B10+D10+E10+F10+H10 -> 4.2 | J10: 5.1 | K10: =SUM(B10:H10) -> 5.1
B11: 0.75 | C11: =(J11-I11)/2 -> 0.5 | D11: 0.9 | E11: 0.9 | F11: 0.9 | G11: =(J11-I11)/2 -> 0.5 | H11: 0.75 | I11: =B11+D11+E11+F11+H11 -> 4.2 | J11: 5.2 | K11: =SUM(B11:H11) -> 5.2
B12: 0.75 | C12: =(J12-I12)/2 -> 0.55 | D12: 0.9 | E12: 0.9 | F12: 0.9 | G12: =(J12-I12)/2 -> 0.55 | H12: 0.75 | I12: =B12+D12+E12+F12+H12 -> 4.2 | J12: 5.3 | K12: =SUM(B12:H12) -> 5.3
B13: 0.75 | C13: =(J13-I13)/2 -> 0.6 | D13: 0.9 | E13: 0.9 | F13: 0.9 | G13: =(J13-I13)/2 -> 0.6 | H13: 0.75 | I13: =B13+D13+E13+F13+H13 -> 4.2 | J13: 5.4 | K13: =SUM(B13:H13) -> 5.4
B14: 0.75 | C14: =(J14-I14)/2 -> 0.65 | D14: 0.9 | E14: 0.9 | F14: 0.9 | G14: =(J14-I14)/2 -> 0.65 | H14: 0.75 | I14: =B14+D14+E14+F14+H14 -> 4.2 | J14: 5.5 | K14: =SUM(B14:H14) -> 5.5
B15: 0.75 | C15: =(J15-I15)/2 -> 0.7 | D15: 0.9 | E15: 0.9 | F15: 0.9 | G15: =(J15-I15)/2 -> 0.7 | H15: 0.75 | I15: =B15+D15+E15+F15+H15 -> 4.2 | J15: 5.6 | K15: =SUM(B15:H15) -> 5.6
... B18: 0.75 | C18: =(J18-I18)/2 -> 0.85 | D18: 0.9 | E18: 0.9 | F18: 0.9 | G18: =(J18-I18)/2 -> 0.85 | H18: 0.75 | I18: =B18+D18+E18+F18+H18 -> 4.2 | J18: 5.9 | K18: =SUM(B18:H18) -> 5.9
B19: 0.75 | C19: =(J19-I19)/2 -> 0.9 | D19: 0.9 | E19: 0.9 | F19: 0.9 | G19: =(J19-I19)/2 -> 0.9 | H19: 0.75 | I19: =B19+D19+E19+F19+H19 -> 4.2 | J19: 6 | K19: =SUM(B19:H19) -> 6 | L19: NOTA | M19: Ancho hasta 6 metros
B23: CUNETA | C23: HUELLA | D23: SEPARADOR | E23: HUELLA | F23: SEPARADOR | G23: HUELLA | H23: CUNETA | I23: SIN SOBRE ANCHOS | J23: ANCHO DISPONIBLE | K23: ANCHO TOTAL
B25: 0.75 | C25: 0.9 | D25: 0.9 | E25: =J25-I25 -> 1 | F25: 0.9 | G25: 0.9 | H25: 0.75 | I25: =B25+C25+D25+F25+G25+H25 -> 5.1 | J25: 6.1 | K25: =SUM(B25:H25) -> 6.1
B26: 0.75 | C26: 0.9 | D26: 0.9 | E26: =J26-I26 -> 1.1 | F26: 0.9 | G26: 0.9 | H26: 0.75 | I26: =B26+C26+D26+F26+G26+H26 -> 5.1 | J26: 6.2 | K26: =SUM(B26:H26) -> 6.2
B27: 0.75 | C27: 0.9 | D27: 0.9 | E27: =J27-I27 -> 1.2 | F27: 0.9 | G27: 0.9 | H27: 0.75 | I27: =B27+C27+D27+F27+G27+H27 -> 5.1 | J27: 6.3 | K27: =SUM(B27:H27) -> 6.3
B28: 0.75 | C28: 0.9 | D28: 0.9 | E28: =J28-I28 -> 1.3 | F28: 0.9 | G28: 0.9 | H28: 0.75 | I28: =B28+C28+D28+F28+G28+H28 -> 5.1 | J28: 6.4 | K28: =SUM(B28:H28) -> 6.4
B29: 0.75 | C29: 0.9 | D29: 0.9 | E29: =J29-I29 -> 1.4 | F29: 0.9 | G29: 0.9 | H29: 0.75 | I29: =B29+C29+D29+F29+G29+H29 -> 5.1 | J29: 6.5 | K29: =SUM(B29:H29) -> 6.5
B30: 0.75 | C30: 0.9 | D30: 0.9 | E30: =J30-I30 -> 1.5 | F30: 0.9 | G30: 0.9 | H30: 0.75 | I30: =B30+C30+D30+F30+G30+H30 -> 5.1 | J30: 6.6 | K30: =SUM(B30:H30) -> 6.6
B31: 0.75 | C31: 0.9 | D31: 0.9 | E31: =J31-I31 -> 1.6 | F31: 0.9 | G31: 0.9 | H31: 0.75 | I31: =B31+C31+D31+F31+G31+H31 -> 5.1 | J31: 6.7 | K31: =SUM(B31:H31) -> 6.7
B32: 0.75 | C32: 0.9 | D32: 0.9 | E32: =J32-I32 -> 1.7 | F32: 0.9 | G32: 0.9 | H32: 0.75 | I32: =B32+C32+D32+F32+G32+H32 -> 5.1 | J32: 6.8 | K32: =SUM(B32:H32) -> 6.8
B33: 0.75 | C33: 0.9 | D33: 0.9 | E33: =J33-I33 -> 1.8 | F33: 0.9 | G33: 0.9 | H33: 0.75 | I33: =B33+C33+D33+F33+G33+H33 -> 5.1 | J33: 6.9 | K33: =SUM(B33:H33) -> 6.9
B34: 0.75 | C34: 0.9 | D34: 0.9 | E34: =J34-I34 -> 1.9 | F34: 0.9 | G34: 0.9 | H34: 0.75 | I34: =B34+C34+D34+F34+G34+H34 -> 5.1 | J34: 7 | K34: =SUM(B34:H34) -> 7
B35: 0.75 | C35: 0.9 | D35: 0.9 | E35: =J35-I35 -> 2 | F35: 0.9 | G35: 0.9 | H35: 0.75 | I35: =B35+C35+D35+F35+G35+H35 -> 5.1 | J35: 7.1 | K35: =SUM(B35:H35) -> 7.1
B36: 0.75 | C36: 0.9 | D36: 0.9 | E36: =J36-I36 -> 2.1 | F36: 0.9 | G36: 0.9 | H36: 0.75 | I36: =B36+C36+D36+F36+G36+H36 -> 5.1 | J36: 7.2 | K36: =SUM(B36:H36) -> 7.2
... B44: 0.75 | C44: 0.9 | D44: 0.9 | E44: =J44-I44 -> 2.9 | F44: 0.9 | G44: 0.9 | H44: 0.75 | I44: =B44+C44+D44+F44+G44+H44 -> 5.1 | J44: 8 | K44: =SUM(B44:H44) -> 8
B47: TRAMO 1. SECTOR EL PICHONAL | G47: TRAMO 2. SECTOR CENTRO BAJO | L47: TRAMO 3. SECTOR SAN BENITO
B50: K 0+000 | C50: Inicio de tramo | D50: 4,5 metros | E50: 6.3 | G50: K 0+000 | H50: Inicio de tramo. Alcantarilla existente de 36”. | I50: 6,8 metros (longitud alcantarilla) | J50: 6.5 | L50: K 0+000 | M50: Inicio de tramo. Alcantarilla existente de 24” | N50: 8,10 metros (longitud alcantarilla). Ancho de vía: 6,7 metros con cunetas | O50: 6.7
B51: K 0+015 | C51: Alcantarilla existente de diametro desconocido | D51: 7,5 metros (longitud alcantarilla) | E51: 7.5 | G51: K 0+045 | I51: Medición de ancho: 4,50 metros con cunetas | J51: 4.5 | L51: K 0+140 | M51: Alcantarilla existente de diametro desconocido | N51: 8,70 metros (longitud alcantarilla). Ancho de vía: 5,8 metros con cunetas | O51: 5.8
B52: K 0+110 | C52: Alcantarilla existente de diametro desconocido | D52: 7,4 metros (longitud alcantarilla) | E52: 7.4 | G52: K 0+075 | I52: Medición de ancho: 6,40 metros con cunetas | J52: 6.4 | L52: K 0+280 | M52: Se requiere la construcción de una alcantarilla de 36” y 6,8 metros de longitud | N52: Medición de ancho: 5,70 metros con cunetas | O52: 5.7
B53: K 0+250 | C53: Alcantarilla existente de 24” de diametro | D53: 8,4 metros (longitud alcantarilla). Vía de 6,2 metros de ancho | E53: 6.2 | G53: K 0+110 | H53: Alcantarilla existente de 36” de diametro | I53: 6,8 metros (longitud alcantarilla) | J53: 6 | L53: K 0+400 | M53: Perdida de banca y exposición del talud a deslizamientos | N53: Medición de ancho: 5,80 metros con cunetas | O53: 5.8
B54: K 0+350 | C54: Se necesita la construcción de una alcantarilla | D54: 8 metros de longitud disponibles para la alcantarilla | E54: 7.8 | G54: K 0+220 | H54: Alcantarilla existente de 24” de diametro | I54: Medición de ancho: 5,90 metros con cunetas | J54: 5.9 | L54: K 0+500 | M54: Se requiere la construcción de una alcantarilla de 36” y 7,5 metros de longitud | N54: Medición de ancho: 5,60 metros con cunetas | O54: 5.6
B55: K 0+400 | C55: Alcantarilla existente de diametro desconocido | E55: 6 | G55: K 0+290 | I55: Medición de ancho: 7,0 metros | J55: 7
B56: K 0+450 | D56: Medición de ancho: 5,3 metros con cunetas | E56: 5.3 | G56: K 0+350 | I56: Medición de ancho: 4,5 metros | J56: 4.5
B57: K 0+550 | C57: Alcantarilla existente de 24” de diametro | D57: 7,6 metros (longitud alcantarilla). | E57: 7.5 | G57: K 0+400 | H57: Alcantarilla existente de diametro desconocido | I57: 8,6 metros (longitud alcantarilla). | J57: 8
B58: K 0+650 | D58: Medición de ancho: 6,60 metros con cunetas | E58: 6.6 | G58: K 0+550 | H58: Alcantarilla existente de diametro desconocido | I58: 7,1 metros (longitud alcantarilla) | J58: 7
B59: K 0+700 | C59: Alcantarilla existente de 24” de diametro | D59: 6,8 metros (longitud alcantarilla) | E59: 6.5 | G59: K 0+650 | I59: Medición de ancho: 5 metros | J59: 5
B60: K 0+800 | C60: Alcantarilla existente de 24” de diametro | D60: 6,2 metros (longitud alcantarilla) | E60: 6 | G60: K 0+700 | H60: Alcantarilla existente de 24” de diametro | I60: 6,4 metros (longitud alcantarilla) | J60: 6.2
B61: K 0+900 | C61: Alcantarilla existente de 24” de diametro | D61: 6,2 metros (longitud alcantarilla) | E61: 6 | G61: K 0+900 | H61: Alcantarilla existente de 24” de diametro | I61: Medición de ancho: 4,9 metros y 7,1 metros con cunetas | J61: 7.1
B62: K 1+000 | C62: Alcantarilla existente de 24” de diametro | D62: 5,6 metros (longitud alcantarilla) | E62: 5.5 | G62: K 1+000 | H62: Alcantarilla existente de 24” de diametro | I62: Medición de ancho: 5,4 metros | J62: 5
B63: K 1+100 | C63: Alcantarilla existente de 24” de diametro | D63: 5 metros (longitud alcantarilla) | E63: 5
B64: K 1+200 | C64: Muro en concreto existente de 3,4 metros de altura y 11,3 metros de longitud. Alcantarilla embebida con un disipador en el descole | D64: Medición de ancho: 6,40 metros con cunetas | E64: 6.4
A66: Longitud | B66: 1200 | D66: PROMEDIO | E66: =AVERAGE(E50:E64) -> 6.4 | F66: Longitud | G66: 1000 | I66: PROMEDIO | J66: =AVERAGE(J50:J62) -> 6.0846154 | K66: Longitud | L66: 500 | N66: PROMEDIO | O66: =AVERAGE(O50:O54) -> 5.92
D67: MODA | E67: =_xlfn.MODE.SNGL(E50:E64) -> 6 | I67: MODA | J67: =_xlfn.MODE.SNGL(J50:J62) -> 4.5 | N67: MODA | O67: =_xlfn.MODE.SNGL(O50:O54) -> 5.8

Sheet ICCU
C2: GOBERNACIÓN DE CUNDINAMARCA LISTA DE PRECIOS CONSTRUCCIÓN, URBANISMO Y VÍAS (2025)
D5: PROVINCIA: ORIENTE
A6: ESTOS PRECIOS CONTEMPLAN SUMINISTRO, INSTALACIÓN Y TRANSPORTE
A7: ÍTEM | C7: DESCRIPCIÓN | D7: UNIDAD | E7: Municipio | F7: San_Bernardo | G7: ÍTEM
A8: CONSTRUCCIÓN
A9: 1 | C9: PRELIMINARES | G9: 1
A10: 1.1 | C10: CAMPAMENTO 18M2 EN TABLA, TEJA DE ETERNIT, INC. TRANS, MATERIALES | D10: UN | E10: ='[2]1.1.'!$H$47 -> 2955601 | F10: 3246207 | G10: 1.1
A11: 1.2 | C11: CAMPAMENTO 9 M2 CAMPAMENTO 9M2 EN TABLA, TEJA DE ETERNIT, INC. TRANS, MATERIALES | D11: UN | E11: ='[2]1.2.'!$H$46 -> 1729676 | F11: 1805506 | G11: 1.2
A12: 1.3 | C12: CERCA EN ALAMBRE DE PUA 4 HILOS, INC. POSTE DE MADERA | D12: ML | E12: =+'[2]1.3.'!$H$45 -> 23408 | F12: 19387 | G12: 1.3
A13: 1.4 | C13: CERCA EN ALAMBRE DE PUA 5 HILOS, INC. POSTE DE MADERA | D13: ML | E13: =+'[2]1.4.'!$H$45 -> 26298 | F13: 22349 | G13: 1.4
A14: 1.5 | C14: CERCA EN ALAMBRE DE PUA 6 HILOS, INC. POSTE DE MADERA | D14: ML | E14: =+'[2]1.5.'!$H$45 -> 30603 | F14: 25820 | G14: 1.5
A15: 1.6 | C15: CERCA EN TABLA H=2.30 M | D15: ML | E15: =+'[2]1.6.'!$H$45 -> 95261 | F15: 102481 | G15: 1.6
A16: 1.7 | C16: CERCA EN TEJA DE ZINC H=1.80 M | D16: ML | E16: =+'[2]1.7.'!$H$45 -> 66406 | F16: 72278 | G16: 1.7
A17: 1.8 | C17: CERCA EN TELA VERDE H = 2.10 M | D17: ML | E17: =+'[2]1.8.'!$H$45 -> 31230 | F17: 34785 | G17: 1.8
A18: 1.9 | C18: DEMOLICIÓN ESCALERAS EN CONCRETO, INC RETIRO | D18: M2 | E18: =+'[2]1.9.'!$H$45 -> 142372 | F18: 101530 | G18: 1.9
A19: 1.1 | C19: DEMOLICIÓN BALDOSA DE PISO H=0.02 M, INC RETIRO | D19: M2 | E19: =+'[2]1.10.'!$H$45 -> 11256 | F19: 13166 | G19: 1.1
A20: 1.11 | C20: DEMOLICIÓN BALDOSA DE PISO H=0.04 M, INC RETIRO | D20: M2 | E20: =+'[2]1.11.'!$H$45 -> 15877 | F20: 18542 | G20: 1.11
A21: 1.12 | C21: DEMOLICIÓN ENCHAPE MURO, INC RETIRO | D21: M2 | E21: =+'[2]1.12.'!$H$45 -> 12107 | F21: 14116 | G21: 1.12
A22: 1.13 | C22: DEMOLICIÓN PAÑETE MURO, INC RETIRO | D22: M2 | E22: =+'[2]1.13.'!$H$45 -> 12905 | F22: 14955 | G22: 1.13
A23: 1.14 | C23: DEMOLICIÓN CIELO RASO FALSO, INC RETIRO | D23: M2 | E23: =+'[2]1.14.'!$H$45 -> 15566 | F23: 19589 | G23: 1.14
A24: 1.15 | C24: DEMOLICIÓN ADOQUÍN SOBRE ARENA, H=0.15 m, INC RETIRO | D24: M2 | E24: =+'[2]1.15.'!$H$45 -> 14746 | F24: 16736 | G24: 1.15
A25: 1.16 | C25: DEMOLICIÓN MUROS EN MAMPOSTERÍA 0.15 M, INC RETIRO | D25: M2 | E25: =+'[2]1.16.'!$H$45 -> 22788 | F25: 26178 | G25: 1.16
A26: 1.17 | C26: DEMOLICIÓN MUROS EN MAMAPOSTERÍA 0.25 M, INC RETIRO | D26: M2 | E26: =+'[2]1.17.'!$H$45 -> 30598 | F26: 34942 | G26: 1.17
A27: 1.18 | C27: DEMOLICIÓN PLACA ALIGERADA 0.30 M, INC RETIRO | D27: M2 | E27: =+'[2]1.18.'!$H$45 -> 46163 | F27: 52972 | G27: 1.18
A28: 1.19 | C28: DEMOLICIÓN PLACA ALIGERADA 0.40 M, INC RETIRO | D28: M2 | E28: =+'[2]1.19.'!$H$45 -> 67582 | F28: 71917 | G28: 1.19
A29: 1.2 | C29: DEMOLICIÓN PLACA ALIGERADA 0.50 M, INC RETIRO | D29: M2 | E29: =+'[2]1.20.'!$H$45 -> 83813 | F29: 87588 | G29: 1.2
A30: 1.21 | C30: DEMOLICIÓN PLACA MACIZA 0.15 M, INC RETIRO | D30: M2 | E30: =+'[2]1.21.'!$H$45 -> 72547 | F30: 47422 | G30: 1.21
A31: 1.22 | C31: DEMOLICIÓN PLACA MACIZA 0.20 M, INC RETIRO | D31: M2 | E31: =+'[2]1.22.'!$H$45 -> 101883 | F31: 64928 | G31: 1.22
A32: 1.23 | C32: DEMOLICIÓN PLACA MACIZA 0.25 M, INC RETIRO | D32: M2 | E32: =+'[2]1.23.'!$H$45 -> 120600 | F32: 88053 | G32: 1.23
A33: 1.24 | C33: DEMOLICIÓN PLACA MACIZA 0.30 M, INC RETIRO | D33: M2 | E33: =+'[2]1.24.'!$H$45 -> 147748 | F33: 101530 | G33: 1.24
A34: 1.25 | C34: DEMOLICIÓN PLACA PISO 0.05 M, INC RETIRO | D34: M2 | E34: =+'[2]1.25.'!$H$45 -> 15947 | F34: 17681 | G34: 1.25
A35: 1.26 | C35: DEMOLICIÓN PLACA PISO 0.10 M, INC RETIRO | D35: M2 | E35: =+'[2]1.26.'!$H$45 -> 25572 | F35: 29615 | G35: 1.26
A36: 1.27 | C36: DEMOLICIÓN PLACA PISO 0.15 M, INC RETIRO | D36: M2 | E36: =+'[2]1.27.'!$H$45 -> 39050 | F36: 42423 | G36: 1.27
A37: 1.28 | C37: DEMOLICIÓN PLACA PISO 0.20 M, INC RETIRO | D37: M2 | E37: =+'[2]1.28.'!$H$45 -> 64397 | F37: 60100 | G37: 1.28
A38: 1.29 | C38: DEMOLICIÓN VIGAS Y COLUMNAS, INC RETIRO | D38: M3 | E38: =+'[2]1.29.'!$H$45 -> 386724 | F38: 324368 | G38: 1.29
A39: 1.3 | C39: DESCAPOTE A MAQUINA E=0.20 M, INC RETIRO | D39: M2 | E39: =+'[2]1.30.'!$H$45 -> 2038 | F39: 2142 | G39: 1.3
A40: 1.31 | C40: DESCAPOTE MANUAL Y RETIRO E= 0.20 M APILE A 15 M | D40: M2 | E40: =+'[2]1.31.'!$H$45 -> 10198 | F40: 11851 | G40: 1.31
A41: 1.32 | C41: DESMONTE APARATOS SANITARIOS, INC RETIRO | D41: UN | E41: =+'[2]1.32.'!$H$45 -> 35121 | F41: 40253 | G41: 1.32
A42: 1.33 | C42: DESMONTE DE CUBIERTAS (TEJA DE BARRO), INC RETIRO | D42: M2 | E42: =+'[2]1.33.'!$H$45 -> 18891 | F42: 23084 | G42: 1.33
A43: 1.34 | C43: DESMONTE DE CUBIERTAS (ASBESTO CEMENTO), INC RETIRO | D43: M2 | E43: =+'[2]1.34.'!$H$45 -> 19068 | F43: 21686 | G43: 1.34
A44: 1.35 | C44: DESMONTE DE CUBIERTAS (TERMOACÚSTICA), INC RETIRO | D44: M2 | E44: =+'[2]1.35.'!$H$45 -> 17561 | F44: 20096 | G44: 1.35
A45: 1.36 | C45: DESMONTE DE CUBIERTAS (TEJA DE ZINC), INC RETIRO | D45: M2 | E45: =+'[2]1.36.'!$H$45 -> 16327 | F45: 19404 | G45: 1.36
A46: 1.37 | C46: DESMONTE MUROS SECOS, INC RETIRO | D46: M2 | E46: =+'[2]1.37.'!$H$45 -> 26941 | F46: 29910 | G46: 1.37
A47: 1.38 | C47: DESMONTE MARCOS Y PUERTAS, INC RETIRO | D47: UN | E47: =+'[2]1.38.'!$H$45 -> 21550 | F47: 26090 | G47: 1.38
A48: 1.39 | C48: DESMONTE VENTANAS, INC RETIRO | D48: M2 | E48: =+'[2]1.39.'!$H$45 -> 18891 | F48: 18338 | G48: 1.39
A49: 1.4 | C49: LETRINA DE 2.0x1.0 | D49: UN | E49: =+'[2]1.40.'!$H$44 -> 1278243 | F49: 1375171 | G49: 1.4
A50: 1.41 | C50: LOCALIZACIÓN Y REPLANTEO DE CIMIENTOS CON ELEMENTOS DE PRESICIÓN | D50: M2 | E50: =+'[2]1.41.'!$H$45 -> 13888 | F50: 6703 | G50: 1.41
A51: 1.42 | C51: REPLANTEO MANUAL DE CIMIENTOS | D51: M2 | E51: =+'[2]1.42.'!$H$45 -> 5464 | F51: 4955 | G51: 1.42
A52: 1.43 | C52: RED ELÉCTRICA PROVISIONAL L=50M | D52: UN | E52: =+'[2]1.43.'!$H$46 -> 3810880 | F52: 4347989 | G52: 1.43
A53: 1.44 | C53: RED TELEFÓNICA PROVISIONAL | D53: UN | E53: =+'[2]1.44.'!$H$45 -> 363549 | F53: 394375 | G53: 1.44
A54: 1.45 | C54: RETIRO DE SOBRANTES A UNA DISTANCIA DE 5 KM (INCLUYE CARGUE) | D54: M3 | E54: =+'[2]1.45.'!$H$45 -> 12143 | F54: 12762 | G54: 1.45
A55: 1.46 | C55: RETIRO DE SOBRANTES A UNA DISTANCIA DE 5 KM (INCLUYE CARGUE Y BOTADERO AUTORIZADO) | D55: M3 | E55: =+'[2]1.46.'!$H$45 -> 17343 | F55: 17962 | G55: 1.46
A56: 2 | C56: CIMIENTOS | G56: 2
A57: 2.1 | C57: BASE AGREGADO PÉTREO (MATERIAL DE AFIRMADO) | D57: M3 | E57: =+'[2]2.1.'!$H$45 -> 99242 | F57: 166776 | G57: 2.1
A58: 2.2 | C58: BASE ARENA CEMENTO 1:20 | D58: M3 | E58: =+'[2]2.2.'!$H$45 -> 231784 | F58: 305564 | G58: 2.2
A59: 2.3 | C59: DEMOLICIÓN CABEZAS DE PILOTES, INC RETIRO | D59: M3 | E59: =+'[2]2.3.'!$H$45 -> 488198 | F59: 383747 | G59: 2.3
A60: 2.4 | C60: DEMOLICIÓN CIMIENTO ENTERRADO, INC RETIRO | D60: M3 | E60: =+'[2]2.4.'!$H$45 -> 337196 | F60: 315727 | G60: 2.4
A61: 2.5 | C61: IMPERMEABILIZACIÓN INTEGRAL MORTERO XYPEX | D61: M2 | E61: =+'[2]2.5.'!$H$45 -> 52697 | F61: 56076 | G61: 2.5
A62: 2.6 | C62: SOBRECIMIENTOS CONCRETO 3000 PSI 25x25 | D62: M3 | E62: =+'[2]2.6.'!$H$45 -> 849353 | F62: 919585 | G62: 2.6
A63: 2.7 | C63: VIGA DE AMARRE EN CONCRETO 3500 PSI | D63: M3 | E63: =+'[2]2.7.'!$H$45 -> 849333 | F63: 1035244 | G63: 2.7
A64: 2.8 | C64: ZAPATAS EN CONCRETO 3500 PSI | D64: M3 | E64: =+'[2]2.8.'!$H$45 -> 795822 | F64: 942222 | G64: 2.8
A65: 2.9 | C65: PILOTE DE MADERA D=20 CM | D65: ML | E65: =+'[2]2.9.'!$H$45 -> 67451 | F65: 74999 | G65: 2.9
A66: 2.1 | C66: PILOTE PRE EXCAVADO D=20 CM (INCLUYE RETIRO DE SOBRANTES A UNA DISTANCIA MENOR DE 5 KM), INC. BOMBA | D66: ML | E66: =+'[2]2.10.'!$H$44 -> 211034 | F66: 238040 | G66: 2.1
A67: 2.11 | C67: PILOTE PRE EXCAVADO D=30 CM (INCLUYE RETIRO DE SOBRANTES A UNA DISTANCIA MENOR DE 5 KM), INC. BOMBA | D67: ML | E67: =+'[2]2.11.'!$H$44 -> 262616 | F67: 296396 | G67: 2.11
A68: 2.12 | C68: PILOTE PRE EXCAVADO D=40 CM (INCLUYE RETIRO DE SOBRANTES A UNA DISTANCIA MENOR DE 5 KM), INC. BOMBA | D68: ML | E68: =+'[2]2.12.'!$H$43 -> 324994 | F68: 374282 | G68: 2.12
A69: 2.13 | C69: PILOTE PRE EXCAVADO D=50 CM (INCLUYE RETIRO DE SOBRANTES A UNA DISTANCIA MENOR DE 5 KM), INC. BOMBA | D69: ML | E69: =+'[2]2.13.'!$H$45 -> 408963 | F69: 471566 | G69: 2.13
A70: 2.14 | C70: PILOTE HINCADO 25X25 | D70: ML | E70: =+'[2]2.14.'!$H$44 -> 149127 | F70: 165362 | G70: 2.14
A71: 2.15 | C71: PILOTE HINCADO 30X30 | D71: ML | E71: =+'[2]2.15.'!$H$45 -> 184247 | F71: 206425 | G71: 2.15
A72: 2.16 | C72: DADOS EN CONCRETO 3500PSI | D72: M3 | E72: =+'[2]2.16.'!$H$45 -> 770041 | F72: 942222 | G72: 2.16
A73: 2.17 | C73: MICROPILOTE D=6" (INCLUYE RETIRO DE SOBRANTES A UNA DISTANCIA MENOR DE 5 KM), INC. BOMBA | D73: ML | E73: =+'[2]2.17.'!$H$45 -> 128083 | F73: 135792 | G73: 2.17
A74: 3 | C74: DESAGÜES E INSTALACIONES SUBTERRÁNEAS | G74: 3
A75: 3.1 | C75: SIFÓN PARA DRENAJE EN PVC DE 4" | D75: UN | E75: =+'[2]3.1.'!$H$45 -> 57742 | F75: 63649 | G75: 3.1
A76: 3.2 | C76: SIFÓN EN PVC 6" | D76: UN | E76: =+'[2]3.2.'!$H$45 -> 278398 | F76: 305731 | G76: 3.2
A77: 3.3 | C77: CAJA DE INSPECCIÓN DE 100X100 | D77: UN | E77: =+'[2]3.3.'!$H$44 -> 639841 | F77: 676250 | G77: 3.3
A78: 3.4 | C78: CAJA DE INSPECCIÓN DE 40X40 | D78: UN | E78: =+'[2]3.4.'!$H$45 -> 330286 | F78: 287918 | G78: 3.4
A79: 3.5 | C79: CAJA DE INSPECCIÓN DE 60X60 | D79: UN | E79: =+'[2]3.5.'!$H$45 -> 377795 | F79: 366971 | G79: 3.5
A80: 3.6 | C80: CAJA DE INSPECCIÓN DE 80X80 | D80: UN | E80: =+'[2]3.6.'!$H$45 -> 480871 | F80: 494424 | G80: 3.6
A81: 3.7 | C81: DUCTO ELÉCTRICO PVC 4" | D81: ML | E81: =+'[2]3.7.'!$H$45 -> 176767 | F81: 52140 | G81: 3.7
A82: 3.8 | C82: POZO SÉPTICO ETERNIT 1000 LT | D82: UN | E82: =+'[2]3.8.'!$H$45 -> 1791344 | F82: 1963914 | G82: 3.8
A83: 3.9 | C83: TUBERÍA CONCRETO CLASE I SIN REFUERZO 12" , INC BASE ARENA CEMENTO 1:20 | D83: ML | E83: =+'[2]3.9.'!$H$45 -> 171354 | F83: 140778 | G83: 3.9
A84: 3.1 | C84: TUBERÍA CONCRETO CLASE II SIN REFUERZO 8" , INC BASE ARENA CEMENTO 1:20 | D84: ML | E84: =+'[2]3.10.'!$H$45 -> 104861 | F84: 102208 | G84: 3.1
A85: 3.11 | C85: TUBERÍA DRENAJE PVC 110, INC TRITURADO | D85: ML | E85: =+'[2]3.11.'!$H$45 -> 41410 | F85: 35024 | G85: 3.11
A86: 3.12 | C86: TUBERÍA DRENAJE PVC 160, INC TRITURADO | D86: ML | E86: =+'[2]3.12.'!$H$45 -> 65096 | F86: 60343 | G86: 3.12
A87: 3.13 | C87: TUBERÍA DRENAJE PVC 200, INC TRITURADO | D87: ML | E87: =+'[2]3.13.'!$H$45 -> 84440 | F87: 81205 | G87: 3.13
A88: 3.14 | C88: TUBERÍA DRENAJE PVC 250, INC TRITURADO | D88: ML | E88: =+'[2]3.14.'!$H$45 -> 114219 | F88: 116687 | G88: 3.14
A89: 3.15 | C89: TUBERÍA DRENAJE PVC 315, INC TRITURADO | D89: ML | E89: =+'[2]3.15.'!$H$45 -> 156561 | F89: 167472 | G89: 3.15
A90: 3.16 | C90: SISTEMA SÉPTICO CON FILTRO ANAEROBIO 500LT (INCLUYE MATERIAL FILTRANTE) | D90: UN | E90: =+'[2]3.16.'!$H$43 -> 1334251 | F90: 1493483 | G90: 3.16
A91: 3.17 | C91: SISTEMA SÉPTICO CON FILTRO ANAEROBIO 1000LT (INCLUYE MATERIAL FILTRANTE) | D91: UN | E91: =+'[2]3.17.'!$H$43 -> 1859612 | F91: 2119567 | G91: 3.17
A92: 3.18 | C92: SISTEMA SÉPTICO CON FILTRO ANAEROBIO 2000LT (INCLUYE MATERIAL FILTRANTE) | D92: UN | E92: =+'[2]3.18.'!$H$43 -> 2388572 | F92: 2804189 | G92: 3.18
A93: 3.19 | C93: FILTRO FRANCES SECCION 0,40X0,60 (INCLUYE MATERIAL FILTRANTE, GEOTEXTILY TUBERIA DRENAJE 4"). NO INCLUYE EXCAVACION, RELLENO | D93: ML | F93: 102670 | G93: 3.19
A94: 4 | C94: ESTRUCTURAS EN CONCRETO | E94: =+'[2]4.1.'!$H$45 -> 61922 | G94: 4
A95: 4.1 | C95: CASETÓN DE LONA 0.8 X 0.35 | D95: M2 | E95: =+'[2]4.2.'!$H$45 -> 80360 | F95: 47781 | G95: 4.1
A96: 4.2 | C96: CASETÓN DE LONA 0.80X0.70 | D96: M2 | E96: =+'[2]4.3.'!$H$45 -> 1121143 | F96: 86579 | G96: 4.2
A97: 4.3 | C97: COLUMNAS 3500 PSI | D97: M3 | E97: =+'[2]4.4.'!$H$45 -> 286971 | F97: 1275159 | G97: 4.3
A98: 4.4 | C98: CONCRETO CICLÓPEO 2000 PSI, 40% RAJÓN | D98: M3 | E98: =+'[2]4.5.'!$H$45 -> 183895 | F98: 396058 | G98: 4.4
A99: 4.5 | C99: ENTREPISO LÁMINA COLABORANTE 2", CAL 22, H=10 CM,INCL. MALLA DE REFUERZO, CONCRETO DE 3500 PSI | D99: M2 | E99: =+'[2]4.6.'!$H$45 -> 165427 | F99: 193376 | G99: 4.5
A100: 4.6 | C100: ENTREPISO LÁMINA COLABORANTE 3", CAL 22, H=12 CM,INCL. MALLA DE REFUERZO, CONCRETO DE 3500 PSI | D100: M2 | E100: =+'[2]4.7.'!$H$46 -> 180163 | F100: 262209 | G100: 4.6
A101: 4.7 | C101: ENTREPISOS CASETÓN CON VIGAS, 3500 PSI H=0.30 m (SIN REFUERZO) | D101: M2 | E101: =+'[2]4.8.'!$H$46 -> 189876 | F101: 209407 | G101: 4.7
A102: 4.8 | C102: ENTREPISO CASETÓN CON VIGAS 3500 PSI, H=0.35 M (SIN REFUERZO) | D102: M2 | E102: =+'[2]4.9.'!$H$46 -> 214165 | F102: 230331 | G102: 4.8
A103: 4.9 | C103: ENTREPISO CASETÓN CON VIGAS 3500 PSI, H=0.40 M (SIN REFUERZO) | D103: M2 | E103: =+'[2]4.10.'!$H$46 -> 236849 | F103: 253969 | G103: 4.9
...

Sheet PPTO PMT
B1: PRESUPUESTO PMT PROYECTO MEJORAMIENTO DE LAS VÍAS URBANAS EN LA CABECERA MUNICIPAL DEL MUNICIPIO DE SAN BERNARDO, DEPARTAMENTO DE CUNDINAMARCA
G7: DURACIÓN | H7: 4
G8: Frentes | H8: 1
B9: PERSONAL
B10: PERSONAL | C10: CANTIDAD | D10: SALARIO | E10: FACTOR PRESTACIONAL | F10: DEDICACION | G10: DURACIÓN | H10: VALOR TOTAL
B11: Ayudante (1) AA (paletero) | C11: =2*H8 -> 2 | D11: 1750905 | E11: 2.2 | F11: 1 | G11: =+H7 -> 4 | H11: =ROUND(C11*D11*E11*F11*G11,0) -> 30815928
B12: SEÑALES Y DISPOSITIVOS
B13: ITEM | E13: UNIDAD | F13: VALOR UNITARIO | G13: CANTIDAD | H13: Sectores de cierre | I13: VALOR TOTAL
B14: SEÑAL VERTICAL SPO-01 (TRABAJOS EN LA VIA) | E14: UND | F14: 330000 | G14: 2 | H14: =+$H$8 -> 1 | I14: =ROUND(F14*G14*H14,0) -> 660000
B15: SEÑAL VERTICAL SPO-03 (AUXILIAR DE TRANSITO) | E15: UND | F15: 380000 | G15: 2 | H15: =+$H$8 -> 1 | I15: =ROUND(F15*G15*H15,0) -> 760000
B16: SEÑAL VERTICAL SPO-06 (Reducción asimétrica de calzada - Izquierda) | E16: UND | F16: 330000 | G16: 1 | H16: =+$H$8 -> 1 | I16: =ROUND(F16*G16*H16,0) -> 330000
B17: SEÑAL VERTICAL SPO-06 (Reducción asimétrica de calzada - Derecha) | E17: UND | F17: 330000 | G17: 1 | H17: =+$H$8 -> 1 | I17: =ROUND(F17*G17*H17,0) -> 330000
B18: SEÑAL VERTICAL SR-30 (VELOCIDAD MÁXIMA PERMITIDA) | E18: UND | F18: 380000 | G18: 2 | H18: =+$H$8 -> 1 | I18: =ROUND(F18*G18*H18,0) -> 760000
B19: SEÑAL VERTICAL SIO-01 (TRABAJO EN LA VIA A 100M) | E19: UND | F19: 330000 | G19: 2 | H19: =+$H$8 -> 1 | I19: =ROUND(F19*G19*H19,0) -> 660000
B20: SEÑAL VERTICAL SIO-03 (FIN DE OBRA) | E20: UND | F20: 330000 | G20: 2 | H20: =+$H$8 -> 1 | I20: =ROUND(F20*G20*H20,0) -> 660000
B21: DESVIO | E21: UND | F21: 330000 | G21: 1 | H21: =+$H$8 -> 1 | I21: =ROUND(F21*G21*H21,0) -> 330000
B22: BARRICADAS | E22: UND | F22: 560000 | G22: 1 | H22: =+$H$8 -> 1 | I22: =ROUND(F22*G22*H22,0) -> 560000
B23: PALETAS PARE-SIGA EN POLIPROPILENO | E23: UND | F23: 60000 | G23: 2 | H23: =+$H$8 -> 1 | I23: =ROUND(F23*G23*H23,0) -> 120000
B24: CONO DE SEÑALIZACION REFLECTIVO 90CM | E24: UND | F24: 100000 | G24: 18 | H24: =+$H$8 -> 1 | I24: =ROUND(F24*G24*H24,0) -> 1800000
B25: DELINEADOR TUBULAR | E25: UND | F25: 55000 | G25: 55 | H25: =+$H$8 -> 1 | I25: =ROUND(F25*G25*H25,0) -> 3025000
B26: CINTA DEMARCACION ROLLO 500 M | E26: ROLLO | F26: 75000 | G26: =+(4)*2*3 -> 24 | H26: =+$H$8 -> 1 | I26: =ROUND(F26*G26*H26,0) -> 1800000
B27: EQUIPO DE COMUNICACIÓN | E27: UND | F27: 330000 | G27: =+C11 -> 2 | H27: =+$H$8 -> 1 | I27: =ROUND(F27*G27*H27,0) -> 660000
B28: SUBTOTAL COSTOS DIRECTOS SEÑALIZACIÓN FRENTE | I28: =SUM(I14:I27) -> 12455000
B30: TOTAL PMT | I30: =+I28+H11 -> 43270928
B34: NOTA 1: Se propone la conformación de UN frente de obra con UN sector de intervencion. La señalizacion y personal son los requeridos para realizar el plan de manejo de transito de cada sector.

Sheet PPTO PAGA
B3: INSTITUTO DE CAMINOS Y CONSTRUCCIONES DE CUNDINAMARCA - ICCU
B4: MEJORAMIENTO DE LAS VÍAS URBANAS EN LA CABECERA MUNICIPAL DEL MUNICIPIO DE SAN BERNARDO, DEPARTAMENTO DE CUNDINAMARCA
B6: PRESUPUESTO GENERAL DEL PAGA
H8: PLAZO | I8: 4
H9: No. de frentes | I9: 1
B11: PROGRAMA | C11: PROYECTOS | D11: Ítem | E11: Unidad | F11: Cantidad | G11: Tiempo (meses) | H11: Valor ($) Unitario | I11: Valor ($) Parcial | M11: 30000000000
B12: 1. DESARROLLO Y ATENCIÓN DE LA GESTIÓN AMBIENTAL. | C12: 1.1 CONFORMACIÓN DEL GRUPO DE GESTIÓN AMBIENTAL. | D12: Profesional Ambiental | E12: h/mes | F12: 0.1 | G12: =+I8 -> 4 | H12: =+'[5]PPTO INTERV'!D24 -> 8360700 | I12: =ROUND(F12*G12*H12,0) -> 3344280 | M12: =+M11/1.09 -> 2.7522936e+10
D13: Profesional Social | E13: h/mes | F13: 0.1 | G13: =+$I$8 -> 4 | H13: =+'[5]PPTO INTERV'!D26 -> 6795750 | I13: =ROUND(F13*G13*H13,0) -> 2718300 | M13: =+M11-M12 -> 2.4770642e+09
D14: Profesional /tecnólogo /Técnico SST | E14: Se incluye en los costos administrativos de la obra. | I14: 0
D15: Cuadrilla para orden, aseo y señalización | E15: Se incluye en los costos administrativos de la obra. | I15: 0
D16: Costo de personal | I16: =SUM(I12:I15) -> 6062580
D17: Factor Prestacional | I17: 1.6
D18: SUBTOTAL PERSONAL CON FACTOR MULTIPLICADOR | I18: =ROUND(I16*I17,0) -> 9700128
D19: Elaboración de informes mensuales y respuesta a requerimientos de la Corporación Ambiental, Gobernación de Cundinamarca-ICCU, y otros. Gastos de papelería y otros. | E19: Informes | F19: Se incluye en los costos administrativos de la obra. | I19: 0
D20: Costo de informes mensuales y respuestas | I20: =+I19 -> 0
D21: SUBTOTAL CONFORMACIÓN DEL GRUPO DE GESTIÓN AMBIENTAL. | I21: =+I20+I18 -> 9700128
C22: 1.2 CAPACITACIÓN AMBIENTAL AL PERSONAL DE OBRA. | D22: Material didáctico para capacitaciones. El personal esta contemplado Conformación grupo gestión ambiental. | E22: Folleto impreso a blanco y negro y/o a color | F22: 200 | H22: 1320 | I22: =F22*H22 -> 264000
D23: SUBTOTAL CAPACITACIÓN AMBIENTAL AL PERSONAL DE OBRA. | I23: =ROUND(I22,0) -> 264000
C24: 1.3 CUMPLIMIENTO DE REQUERIMIENTOS LEGALES. | D24: El proyecto no contempla el tramite de permisos,licencia u otros requirimientos ambientales. | I24: 0
D25: SUBTOTAL CUMPLIMIENTO DE REQUERIMIENTOS LEGALES. | I25: =ROUND(I24,0) -> 0
B26: 2. ACTIVIDADES CONSTRUCTIVAS. | C26: 2.1 MANEJO INTEGRAL DE MATERIALES DE CONSTRUCCIÓN. | D26: Polisombra negra 4 m ancho. | E26: m | F26: =200*I9 -> 200 | H26: 9000 | I26: =F26*H26 -> 1800000
D27: Cinta para señalización de 4" PELIGRO no pase. | E27: rollo x 500 m | F27: =5*I9 -> 5 | H27: 77000 | I27: =F27*H27 -> 385000
D28: Estacas de madera. | E28: unid | F28: =I9*50 -> 50 | H28: 3900 | I28: =F28*H28 -> 195000
D29: Tejas zinc | E29: unid | F29: 5 | H29: 35000 | I29: =F29*H29 -> 175000
D30: Malla (para impedir arrastre de sedimentos) | E30: Rollo x 30 | F30: 2 | H30: 250000 | I30: =F30*H30 -> 500000
D31: SUBTOTAL MANEJO INTEGRAL DE MATERIALES DE CONSTRUCCIÓN. | I31: =ROUND(SUM(I26:I30),0) -> 3055000
C32: 2.3 SEÑALIZACIÓN DE FRENTES DE OBRA Y SITIOS TEMPORALES. | D32: Señalización según programa de tráfico y Programa SST del contratista (Incluyendo áreas sensibles, rondas hídricas, (en caso de presentarse) y pasos - presencia de fauna en la zona) | E32: Costos incluidos en el PMT y administración | I32: 0
D33: SUBTOTAL SEÑALIZACIÓN DE FRENTES DE OBRA Y SITIOS TEMPORALES. | I33: =ROUND(I32,0) -> 0
C34: 2.4 MANEJO Y DISPOSICIÓN FINAL DE ESCOMBROS Y LODOS. | D34: Transporte y disposición final de escombros y residuos de obra (RCD) | E34: Costo de obra
D35: Polisombra negra 4 m ancho. | E35: m | F35: =50*I9 -> 50 | H35: 9000 | I35: =F35*H35 -> 450000
D36: Cinta para señalización de 4" PELIGRO no pase. | E36: rollo x 500 m | F36: =2*I9 -> 2 | H36: 77000 | I36: =F36*H36 -> 154000
D37: Sedimentador de lodos | H37: 0
D38: Canecas metálicas o plásticas. | E38: unid | F38: =3*I9 -> 3 | H38: 88000 | I38: =F38*H38 -> 264000
D39: Manguera negra agrícola | E39: rollo x 50 m | F39: =1*I9 -> 1 | H39: 49000 | I39: =F39*H39 -> 49000
D40: Alambre dulce. | E40: kg | F40: =1*I9 -> 1 | H40: 9000 | I40: =F40*H40 -> 9000
D41: SUBTOTAL MANEJO Y DISPOSICIÓN FINAL DE ESCOMBROS Y LODOS. | I41: =ROUND(SUM(I35:I40),0) -> 926000
C42: 2.5 MANEJO DE RESIDUOS SÓLIDOS CONVENCIONALES Y ESPECIALES. | D42: Punto ecológico 3 canecas 40 lt c/u para campamento -oficina. | E42: Punto | F42: =1*I9 -> 1 | H42: 230000 | I42: =F42*H42 -> 230000
D43: Canecas metálicas de 55 gls con tapa y en colores según especificaciones para separar residuos. (3 por fretes de obra) | E43: unid | F43: =3*I9 -> 3 | H43: 111000 | I43: =F43*H43 -> 333000
D44: Bolsa plásticas industrial de 65 cm * 85 cm, de colores para campamento-oficina. | E44: Paquete x 50 unidades | F44: =3*I9 -> 3 | H44: 27600 | I44: =F44*H44 -> 82800
D45: Bolsa plásticas industrial de 100 cm * 120 cm, de colores para frentes de obra. | E45: paquete x 30 unid | F45: =20*I9 -> 20 | H45: 70000 | I45: =F45*H45 -> 1400000
D46: Recolección y disposición final de residuos ordinarios e inertes generados en campamento, sitios de acopio temporal y obras por personal laborando. | E46: Kg | F46: 300 | H46: 4000 | I46: =F46*H46 -> 1200000
D47: Recolección y disposición final de residuos peligrosos (bolsas de cemento, empaques con aceites, combustibles, etc). (Fuente Albedo ESP 2018) Cantidad estimada. | E47: Kg | F47: 300 | H47: 4000 | I47: =F47*H47 -> 1200000
D48: SUBTOTAL MANEJO DE RESIDUOS SÓLIDOS CONVENCIONALES Y ESPECIALES. | I48: =ROUND(SUM(I42:I47),0) -> 4445800
B49: 3. GESTIÓN HÍDRICA. | C49: 3.1 MANEJO DE AGUAS SUPERFICIALES. | D49: Implemetar medidas ambientales | E49: Costo de personal ya incluido | I49: =F49*H49 -> 0
D50: SUBTOTAL MANEJO DE AGUAS SUPERFICIALES. | I50: =ROUND(I49,0) -> 0
C51: 3.2 MANEO DE RESIDUOS LÍQUIDOS DOMÉSTICOS E INDUSTRIALES. | D51: Alquiler, Instalación, funcionamiento y mantenimiento de baños portátiles con su respectivo mantenimiento una vez por semana. | E51: Meses | F51: =+I8 -> 4 | G51: =+I9 -> 1 | H51: 970000 | I51: =F51*G51*H51 -> 3880000
D52: Sedimentador para concretos | H52: 0
D53: Canecas metálicas o plásticas. | E53: unid | F53: =1*I9 -> 1 | H53: 88000 | I53: =F53*H53 -> 88000
D54: Manguera negra agrícola | E54: rollo x 50 m | F54: =1*I9 -> 1 | H54: 49000 | I54: =F54*H54 -> 49000
D55: Alambre dulce. | E55: kg | F55: =1*I9 -> 1 | H55: 9000 | I55: =F55*H55 -> 9000
D56: Recolección y disposición final de residuos líquidos especiales por empresa RESPEL. | E56: Incluido en costos de Programa manejo de residuos sólidos. | H56: 0 | I56: =F56*H56 -> 0
D57: SUBTOTAL MANEO DE RESIDUOS LÍQUIDOS DOMÉSTICOS E INDUSTRIALES. | I57: =ROUND(SUM(I51:I56),0) -> 4026000
B58: 4. BIODIVERSIDAD Y SERVICIOS ECOSISTÉMICOS. | C58: 4.1 MANEJO DE DESCAPOTE Y COBERTURA VEGETAL. | D58: Desmonte y limpieza de zonas no boscosas (Incluye tala de árboles, desmonte y retiro de capa orgánica) | E58: Costo de obra si aplica
D59: Malla azul para aislar zonas de ronda de cuerpos de agua por 4 m de ancho | E59: m | F59: =200*I9 -> 200 | H59: 8000 | I59: =F59*H59 -> 1600000
D60: Cinta para señalización de 4" PELIGRO no pase. | E60: rollo x 500 m | F60: =4*I9 -> 4 | H60: 77000 | I60: =F60*H60 -> 308000
D61: Estacones de madera de 2,20 m x 10 cm | E61: unid | F61: =30*I9 -> 30 | H61: 3500 | I61: =F61*H61 -> 105000
D62: SUBTOTAL MANEJO DE DESCAPOTE Y COBERTURA VEGETAL. | I62: =ROUND(SUM(I58:I61),0) -> 2013000
C63: 4.2 RECUPERACIÓN DE ÁREAS AFECTADAS. | D63: Protección de taludes con material vegetal - empradización y/o arborización (incluye Ing. Forestal y cuadrilla, materiales e insumos) | E63: Costo de obra si aplica | I63: =F63*H63 -> 0
D64: SUBTOTAL RECUPERACIÓN DE ÁREAS AFECTADAS. | I64: =ROUND(I63,0) -> 0
C65: 4.3 PROTECCIÓN DE FAUNA. | D65: Capacitación de personal. | E65: Costos incluido en Personal gestión socioambiental y capacitaciones | I65: =F65*H65 -> 0
D66: SUBTOTAL PROTECCIÓN DE FAUNA. | I66: =ROUND(I65,0) -> 0
B67: 5. MANEJO DE INSTALACIONES TEMPORALES, DE MAQUINARIA Y EQUIPO. | C67: 5.1 INSTALACIÓN, FUNCIONAMIENTO Y DESMANTELAMIENTO DE CAMPAMENTOS Y SITIOS DE ACOPIO. | D67: Alquiler una casa para campamento-oficina y el pago de los servicios públicos durante la ejecución del proyecto y para gastos de sitios en el frente de obra alquilados como almacenes para materiales, equipos, herramientas y parqueo de maquinaria. | E67: Se incluye en los costos administrativos de la obra. | I67: =F67*H67 -> 0
D68: SUBTOTAL INSTALACIÓN, FUNCIONAMIENTO Y DESMANTELAMIENTO DE CAMPAMENTOS Y SITIOS DE ACOPIO | I68: =ROUND(I67,0) -> 0
C69: 5.3 MANEJO DE MAQUINARIA, VEHÍCULOS Y EQUIPOS. | D69: Kit para derrames de sustancias químicas | E69: unid | F69: 1 | H69: 230000 | I69: =F69*H69 -> 230000
D70: Absorvente orgánicoindustrail para asilar y contener derrames y contingencias (aserrín, estopas, otros). La disposición final se contempló en el Programa Manejo de residuos sólidos. | E70: Kg | F70: =15*I9 -> 15 | H70: 130000 | I70: =F70*H70 -> 1950000
D71: SUBTOTAL MANEJO DE MAQUINARIA, VEHÍCULOS Y EQUIPOS. | I71: =ROUND(SUM(I69:I70),0) -> 2180000
B72: 6, GESTIÓN SOCIAL | C72: 6.1 ATENCIÓN A LA COMUNIDAD. | D72: Funcionamiento oficina para atención autoridades y comunidad:
D73: Computador portátil | E73: Se incluye en los costos administrativos de la obra. | I73: =H73*F73 -> 0
D74: Impresora Multifuncional | I74: =H74*F74 -> 0
D75: Cámara fotográfica para fotografías y videos | I75: =H75*F75 -> 0
D76: Material de oficina (papel, bolígrafos etc.) | I76: =H76*F76 -> 0
D77: SUBTOTAL DE ATENCIÓN A LA COMUNIDAD | I77: =ROUND(SUM(I73:I76),0) -> 0
C78: 6.2 INFORMACIÓN Y DIVULGACIÓN. | D78: Valla informativa del contrato, tablero en lámina galvanizada, arte en lona impresa injetk; con anticorrosivo. Incluye instalación. Aprobada por Interventoría e ICCU. | E78: Se incluye en los costos administrativos de la obra. | I78: 0
D79: Reuniones con comunidad en Municipio (inicio, avance 50% y terminación al 95% obra)
D80: Alquiler de salón con video beam | E80: Unid | F80: 3 | H80: 130000 | I80: =H80*F80 -> 390000
D81: Refrigerio personas asistentes (50 personas/reunión) | E81: Unid | F81: 150 | H81: 6500 | I81: =H81*F81 -> 975000
D82: Material para información y divulgación del proyecto (afiches, volantes informativos y de convocatorias, cartas de convocatorias, información buzones satélites, otros) | E82: Unid | F82: 1 | H82: 1550000 | I82: =H82*F82 -> 1550000
D83: Instalación buzones satélites (2) en alcaldía municipal, Salón Comunal de la JAC. | E83: Unid | F83: 2 | H83: 70000 | I83: =H83*F83 -> 140000
D84: SUBTOTAL INFORMACIÓN Y DIVULGACIÓN. | I84: =ROUND(SUM(I78:I83),0) -> 3055000
C85: 6.3 MANEJO DE LA INFRAESTRUCTURA DE PREDIOS Y SERVICIOS PÚBLICOS | D85: Elaboración actas de vecindad de inicio y terminación (papelería incluida en dotación del SAU) | E85: Incluido en el costo de personal y papelería. | I85: =H85*F85 -> 0
D86: Elaboración actas de compromiso de inicio y cierre de las mismas, para uso temporal de predios o áreas por obras. (papelería incluida en dotación del SAU) | E86: Incluido en el costo de personal y papelería. | I86: 0
D87: Provisión para atención de eventuales emergencias por afectación de servicios públicos que afecten a la comunidad. | E87: Unid | F87: 1 | H87: =1500000 -> 1500000 | I87: =F87*H87 -> 1500000 | L87: =+'[5]BASE PRESUPUESTO'!L45 -> 1387580313
D88: SUBTOTAL CUMPLIMIENTO DE REQUERIMIENTOS LEGALES. | I88: =ROUND(SUM(I85:I87),0) -> 1500000
C89: 6.5 CULTURA VIAL Y PARTICIPACIÓN COMUNITARIA. | D89: Talleres pedagógicos con sedes educativas: se realizarán como mínimo 3 talleres con la población estudiantil de la Institución Educativa Municipal .
D90: Material para talleres | E90: Taller | F90: 3 | H90: 195000 | I90: =F90*H90 -> 585000
D91: Refrigerios para alumnos y docentes | E91: Refrigerios | F91: 400 | H91: 6500 | I91: =F91*H91 -> 2600000
D92: Material para estrategia comunicativa | E92: Piezas comunicativas | F92: 1 | H92: 1550000 | I92: =F92*H92 -> 1550000
D93: Reuniones Comité Paritario
D94: Insumos para talleres, reuniones y documentos informativos | E94: Reunión (una mensual) | F94: =+I8 -> 4 | H94: 65000 | I94: =F94*H94 -> 260000
D95: Refrigerios reuniones Comité (10 personas/comité) | E95: Refrigerios | F95: =10*I8 -> 40 | H95: 6500 | I95: =F95*H95 -> 260000
D96: SUBTOTAL CULTURA VIAL Y PARTICIPACIÓN COMUNITARIA. | I96: =ROUND(SUM(I90:I95),0) -> 5255000
C97: 6.6 CONTRATACIÓN MANO DE OBRA | D97: Contratación mano de obra y afiliación al Sistema General de Seguridad en Salud | E97: Costo administrativo. | I97: 0
D98: SUBTOTAL CONTRATACIÓN MANO DE OBRA | I98: =ROUND(I97,0) -> 0
C99: 6.9 GESTIÓN SOCIO PREDIAL | D99: Consultoría para la adquisición de predios y cesión de áreas mínimas requeridas para el proyecto. | E99: No se requerira la adquisición de areas diferentes a la franja vial. | I99: 0
D100: SUBTOTAl GESTIÓN SOCIO-PREDIAL | I100: =ROUND(I99,0) -> 0
D101: TOTAL PLAN DE MANEJO AMBIENTAL | I101: =I21+I23+I25+I31+I33+I41+I48+I50+I57+I62+I64+I66+I68+I71+I77+I84+I88+I96+I98+I100 -> 36419928
B112: Nota: Los costos que se tienen en cuenta en el presupuesto de obra, no se contemplaron en el presente presupuesto y estan discriminados en cada item como " Costo de obra"

Sheet PPTO INTERV
D2: INSTITUTO DE CAMINOS Y CONSTRUCCIONES DE CUNDINAMARCA
B8: MEJORAMIENTO DE LAS VÍAS URBANAS EN LA CABECERA MUNICIPAL DEL MUNICIPIO DE SAN BERNARDO, DEPARTAMENTO DE CUNDINAMARCA
F9: Longitud Total: | I9: Duración en meses de interventoria EYD | J9: Duración en meses de interventoria OBRA
B10: Municipio: | C10: VIAS URBANAS SAN BERNARDO | F10: Frentes | H10: 1 | I10: 0 | J10: 4
B13: COSTOS DE PERSONAL
B14: CLASIFICACIÓN | D14: REMUNERACIÓN MENSUAL | E14: CAT | F14: CANTIDAD | G14: % DE DEDICACIÓN TOTAL | H14: Tiempo en Meses | I14: Factor Multiplicador | J14: VALOR TOTAL
B16: PERSONAL PROFESIONAL ESTUDIOS Y DISEÑOS
B17: Director de interventoria | D17: 10950000 | E17: - | F17: 0 | G17: 0.2 | H17: =+I10 -> 0 | I17: 2.35 | J17: =+IF(F17<>0,IF(I17<>0,(ROUNDUP(D17*F17*G17*H17*(I17),0)),(ROUNDUP(D17*F17*G17*H17,0))),0) -> 0
B18: Especialista Pavimentos | D18: 8360700 | E18: - | F18: 0 | G18: 0.2 | H18: =+$I$10 -> 0 | I18: =+I17 -> 2.35 | J18: =+IF(F18<>0,IF(I18<>0,(ROUNDUP(D18*F18*G18*H18*(I18),0)),(ROUNDUP(D18*F18*G18*H18,0))),0) -> 0
B19: Especialista en Tránsito y Transporte | D19: 7380728.2 | E19: - | F19: 0 | G19: 0.35 | H19: =+$I$10 -> 0 | I19: =+I18 -> 2.35 | J19: =+IF(F19<>0,IF(I19<>0,(ROUNDUP(D19*F19*G19*H19*(I19),0)),(ROUNDUP(D19*F19*G19*H19,0))),0) -> 0
B20: Especialista en Seguridad Víal | D20: 7380728.2 | E20: - | F20: 0 | G20: 0.35 | H20: =+$I$10 -> 0 | I20: =+I19 -> 2.35 | J20: =+IF(F20<>0,IF(I20<>0,(ROUNDUP(D20*F20*G20*H20*(I20),0)),(ROUNDUP(D20*F20*G20*H20,0))),0) -> 0
B21: Especialista en Geotecnia | D21: =+D18 -> 8360700 | E21: - | F21: 0 | G21: 0.2 | H21: =+$I$10 -> 0 | I21: =+I20 -> 2.35 | J21: =+IF(F21<>0,IF(I21<>0,(ROUNDUP(D21*F21*G21*H21*(I21),0)),(ROUNDUP(D21*F21*G21*H21,0))),0) -> 0
B22: Especialista en Estructuras | D22: =+D21 -> 8360700 | E22: - | F22: 0 | G22: 0.2 | H22: =+$I$10 -> 0 | I22: =+I21 -> 2.35 | J22: =+IF(F22<>0,IF(I22<>0,(ROUNDUP(D22*F22*G22*H22*(I22),0)),(ROUNDUP(D22*F22*G22*H22,0))),0) -> 0
B23: Especialista en Hidrología e Hidráulica | D23: =+D22 -> 8360700 | E23: - | F23: 0 | G23: 0.2 | H23: =+$I$10 -> 0 | I23: =+I22 -> 2.35 | J23: =+IF(F23<>0,IF(I23<>0,(ROUNDUP(D23*F23*G23*H23*(I23),0)),(ROUNDUP(D23*F23*G23*H23,0))),0) -> 0
B24: Especialista Ambiental | D24: =+D23 -> 8360700 | E24: - | F24: 0 | G24: 0.25 | H24: =+$I$10 -> 0 | I24: =+I22 -> 2.35 | J24: =+IF(F24<>0,IF(I24<>0,(ROUNDUP(D24*F24*G24*H24*(I24),0)),(ROUNDUP(D24*F24*G24*H24,0))),0) -> 0
B25: Abogado | D25: 5050000 | E25: - | F25: 0 | G25: 0 | H25: =+$I$10 -> 0 | I25: =+I24 -> 2.35 | J25: =+IF(F25<>0,IF(I25<>0,(ROUNDUP(D25*F25*G25*H25*(I25),0)),(ROUNDUP(D25*F25*G25*H25,0))),0) -> 0
B26: Profesional Gestor Social | D26: 6795750 | E26: - | F26: 0 | G26: 0.25 | H26: =+$I$10 -> 0 | I26: =+I25 -> 2.35 | J26: =+IF(F26<>0,IF(I26<>0,(ROUNDUP(D26*F26*G26*H26*(I26),0)),(ROUNDUP(D26*F26*G26*H26,0))),0) -> 0
B27: Profesional SISO | D27: =+D26 -> 6795750 | E27: - | F27: 0 | G27: 0.1 | H27: =+$I$10 -> 0 | I27: =+I26 -> 2.35 | J27: =+IF(F27<>0,IF(I27<>0,(ROUNDUP(D27*F27*G27*H27*(I27),0)),(ROUNDUP(D27*F27*G27*H27,0))),0) -> 0
B28: Geologo | D28: =+D27 -> 6795750 | E28: - | F28: 0 | G28: 0.2 | H28: =+$I$10 -> 0 | I28: =+I27 -> 2.35 | J28: =+IF(F28<>0,IF(I28<>0,(ROUNDUP(D28*F28*G28*H28*(I28),0)),(ROUNDUP(D28*F28*G28*H28,0))),0) -> 0
B29: Ingeneiro Forestal | D29: =+D28 -> 6795750 | E29: - | F29: 0 | G29: 0.2 | H29: =+$I$10 -> 0 | I29: =+I28 -> 2.35 | J29: =+IF(F29<>0,IF(I29<>0,(ROUNDUP(D29*F29*G29*H29*(I29),0)),(ROUNDUP(D29*F29*G29*H29,0))),0) -> 0
B30: BIM | D30: =+D29 -> 6795750 | E30: - | F30: 0 | G30: 0.2 | H30: =+$I$10 -> 0 | I30: =+I29 -> 2.35 | J30: =+IF(F30<>0,IF(I30<>0,(ROUNDUP(D30*F30*G30*H30*(I30),0)),(ROUNDUP(D30*F30*G30*H30,0))),0) -> 0
B31: Especialista de Tránsito, Transporte y Seguridad Vial | D31: 8360700 | E31: - | F31: 0 | G31: 0.2 | H31: =+$I$10 -> 0 | I31: =+I30 -> 2.35 | J31: =+IF(F31<>0,IF(I31<>0,(ROUNDUP(D31*F31*G31*H31*(I31),0)),(ROUNDUP(D31*F31*G31*H31,0))),0) -> 0
B32: Especialista en Diseño Geometrico | D32: 8360700 | E32: - | F32: 0 | G32: 0.2 | H32: =+$I$10 -> 0 | I32: =+I31 -> 2.35 | J32: =+IF(F32<>0,IF(I32<>0,(ROUNDUP(D32*F32*G32*H32*(I32),0)),(ROUNDUP(D32*F32*G32*H32,0))),0) -> 0
B33: Ingeniero Residente de interventoria | D33: 4650000 | E33: - | F33: 0 | G33: 0.5 | H33: =+$I$10 -> 0 | I33: =+I27 -> 2.35 | J33: =+IF(F33<>0,IF(I33<>0,(ROUNDUP(D33*F33*G33*H33*(I33),0)),(ROUNDUP(D33*F33*G33*H33,0))),0) -> 0
B34: PERSONAL PROFESIONAL OBRA
B35: Director de interventoria | D35: 10950000 | E35: - | F35: 1 | G35: 0.15 | H35: =+IF(F35<>0,Duracion,"") -> 4 | I35: 2.3 | J35: =+IF(F35<>0,IF(I35<>0,(ROUNDUP(D35*F35*G35*H35*(I35),0)),(ROUNDUP(D35*F35*G35*H35,0))),0) -> 15111000
B36: Ingeniero Residente de interventoria | D36: 4650000 | E36: - | F36: 1 | G36: 1 | H36: =+IF(F36<>0,Duracion,"") -> 4 | I36: =+I46 -> 2.3 | J36: =+IF(F36<>0,IF(I36<>0,(ROUNDUP(D36*F36*G36*H36*(I36),0)),(ROUNDUP(D36*F36*G36*H36,0))),0) -> 42780000
B37: Especialista Pavimentos | D37: 8360700 | E37: - | F37: 1 | G37: 0.15 | H37: 2 | I37: =+I35 -> 2.3 | J37: =+IF(F37<>0,IF(I37<>0,(ROUNDUP(D37*F37*G37*H37*(I37),0)),(ROUNDUP(D37*F37*G37*H37,0))),0) -> 5768883
B38: Especialista en Tránsito y Transporte | D38: 7380728.2 | E38: - | G38: 0.35 | H38: =+IF(F38<>0,Duracion,"")-1 -> #VALUE! | I38: =+I37 -> 2.3 | J38: =+IF(F38<>0,IF(I38<>0,(ROUNDUP(D38*F38*G38*H38*(I38),0)),(ROUNDUP(D38*F38*G38*H38,0))),0) -> 0
B39: Especialista en Seguridad Víal | D39: 7380728.2 | E39: - | G39: 0.35 | H39: =+IF(F39<>0,Duracion,"")-1 -> #VALUE! | I39: =+I38 -> 2.3 | J39: =+IF(F39<>0,IF(I39<>0,(ROUNDUP(D39*F39*G39*H39*(I39),0)),(ROUNDUP(D39*F39*G39*H39,0))),0) -> 0
B40: Especialista en Geotecnia | D40: =+D37 -> 8360700 | E40: - | F40: 1 | G40: 0.1 | H40: 1 | I40: =+I39 -> 2.3 | J40: =+IF(F40<>0,IF(I40<>0,(ROUNDUP(D40*F40*G40*H40*(I40),0)),(ROUNDUP(D40*F40*G40*H40,0))),0) -> 1922961
B41: Especialista en Estructuras | D41: =+D40 -> 8360700 | E41: - | F41: 1 | G41: 0 | H41: 2 | I41: =+I40 -> 2.3 | J41: =+IF(F41<>0,IF(I41<>0,(ROUNDUP(D41*F41*G41*H41*(I41),0)),(ROUNDUP(D41*F41*G41*H41,0))),0) -> 0
B42: Especialista en Hidrología e Hidráulica | D42: =+D41 -> 8360700 | E42: - | F42: 1 | G42: 0.1 | H42: 2 | I42: =+I41 -> 2.3 | J42: =+IF(F42<>0,IF(I42<>0,(ROUNDUP(D42*F42*G42*H42*(I42),0)),(ROUNDUP(D42*F42*G42*H42,0))),0) -> 3845922
B43: Especialista Ambiental | D43: =+D42 -> 8360700 | E43: - | F43: 1 | G43: 0.2 | H43: =+Duracion -> 4 | I43: =+I41 -> 2.3 | J43: =+IF(F43<>0,IF(I43<>0,(ROUNDUP(D43*F43*G43*H43*(I43),0)),(ROUNDUP(D43*F43*G43*H43,0))),0) -> 15383688
B44: Abogado | D44: 5050000 | E44: - | F44: 1 | G44: 0.05 | H44: 2 | I44: =+I43 -> 2.3 | J44: =+IF(F44<>0,IF(I44<>0,(ROUNDUP(D44*F44*G44*H44*(I44),0)),(ROUNDUP(D44*F44*G44*H44,0))),0) -> 1161500
B45: Profesional Gestor Social | D45: 6795750 | E45: - | F45: 1 | G45: 0.2 | H45: =+IF(F45<>0,Duracion,"") -> 4 | I45: =+I44 -> 2.3 | J45: =+IF(F45<>0,IF(I45<>0,(ROUNDUP(D45*F45*G45*H45*(I45),0)),(ROUNDUP(D45*F45*G45*H45,0))),0) -> 12504180
B46: Profesional SISO | D46: =+D45 -> 6795750 | E46: - | F46: 1 | G46: 0.3 | H46: =+IF(F46<>0,Duracion,"") -> 4 | I46: =+I45 -> 2.3 | J46: =+IF(F46<>0,IF(I46<>0,(ROUNDUP(D46*F46*G46*H46*(I46),0)),(ROUNDUP(D46*F46*G46*H46,0))),0) -> 18756270
B48: PERSONAL TECNICO
B49: Ingeniero apoyo ICCU | D49: 3800000 | E49: - | F49: 1 | G49: 1 | H49: 0 | I49: 2.3 | J49: =+IF(F49<>0,IF(I49<>0,(ROUNDUP(D49*F49*G49*H49*(I49),0)),(ROUNDUP(D49*F49*G49*H49,0))),0) -> 0
B50: Inspector de interventoria | D50: 3900000 | E50: - | F50: 1 | G50: 1 | H50: 0 | I50: 2.3 | J50: =+IF(F50<>0,IF(I50<>0,(ROUNDUP(D50*F50*G50*H50*(I50),0)),(ROUNDUP(D50*F50*G50*H50,0))),0) -> 0
B51: Topógrafo | D51: 3680000 | E51: - | F51: 1 | G51: 0.3 | H51: =+IF(F51<>0,Duracion,"") -> 4 | I51: 2.3 | J51: =+IF(F51<>0,IF(I51<>0,(ROUNDUP(D51*F51*G51*H51*(I51),0)),(ROUNDUP(D51*F51*G51*H51,0))),0) -> 10156800
B52: Cadenero 1 | D52: 2330000 | E52: - | F52: 1 | G52: 0.3 | H52: =+Duracion -> 4 | I52: 2.3 | J52: =+IF(F52<>0,IF(I52<>0,(ROUNDUP(D52*F52*G52*H52*(I52),0)),(ROUNDUP(D52*F52*G52*H52,0))),0) -> 6430800
B53: Cadenero 2 | D53: 1426506.9 | E53: - | H53: =+IF(F53<>0,Duracion,"") | I53: 2.3 | J53: =+IF(F53<>0,IF(I53<>0,(ROUNDUP(D53*F53*G53*H53*(I53),0)),(ROUNDUP(D53*F53*G53*H53,0))),0) -> 0
B54: Dibujante 1 | D54: 2067166.3 | E54: - | H54: =+IF(F54<>0,Duracion,"") | I54: 2.3 | J54: =+IF(F54<>0,IF(I54<>0,(ROUNDUP(D54*F54*G54*H54*(I54),0)),(ROUNDUP(D54*F54*G54*H54,0))),0) -> 0
B55: Aforadores | D55: 1745607.1 | E55: - | H55: =+IF(F55<>0,Duracion,"") | I55: 2.3 | J55: =+IF(F55<>0,IF(I55<>0,(ROUNDUP(D55*F55*G55*H55*(I55),0)),(ROUNDUP(D55*F55*G55*H55,0))),0) -> 0
B56: Secretaria | D56: 2100000 | E56: - | F56: 1 | G56: 0.3 | H56: =+IF(F56<>0,Duracion,"") -> 4 | I56: 2.3 | J56: =+IF(F56<>0,IF(I56<>0,(ROUNDUP(D56*F56*G56*H56*(I56),0)),(ROUNDUP(D56*F56*G56*H56,0))),0) -> 5796000
B57: TOTAL COSTOS DE PERSONAL (A) * (B) = (3) | J57: =+ROUND(SUM(J17:J56),0) -> 139618004
B59: 2. OTROS COSTOS
B60: DESCRIPCIÓN | E60: UNIDAD | F60: CANTIDAD | G60: No. de Meses | H60: VR. UNITARIO | J60: VALOR TOTAL
B61: Oficina (incluye servicios) | E61: Mes | F61: 1 | G61: =+IF(F61<>0,Duracion,"") -> 4 | H61: 850000 | J61: =+H61*G61*F61 -> 3400000
B62: Edición de informes, papelería, reproducciòn de documentos, planos, fotografías | E62: Mes | F62: 1 | G62: =+IF(F62<>0,Duracion,"") -> 4 | H62: 320000 | J62: =+H62*G62*F62 -> 1280000
B63: Alquiler Vehículos (Vehículo tipo Pickup 4x4 o camioneta cuyo modelo no puede ser inferior a el año 2010, con capacidad mínima para cinco (5) pasajeros (incluye peajes, combustible y conductor)) | E63: Mes | F63: 1 | G63: 0 | H63: 5200000 | J63: =+H63*G63*F63 -> 0
B64: Alquiler de equipos de oficina, software, licencias. | E64: Mes | F64: 1 | G64: =+Duracion -> 4 | H64: 830000 | J64: =+ROUND(H64*G64*F64,0) -> 3320000
B65: Alquiler equipo completo de topografía y elementos complementarios | E65: Mes | F65: 1 | G65: =+H52 -> 4 | H65: 3100000 | J65: =+H65*G65*F65 -> 12400000
B66: Subtotal Otros Costos (2) | J66: =SUM(J63:J65) -> 15720000
B68: Ensayos de Labortario
B69: DESCRIPCIÓN | E69: UNIDAD | F69: CANTIDAD | G69: No. de Meses | H69: VR. UNITARIO | J69: VALOR TOTAL
B70: Laboratorio (a monto agotable previo aprobacion de la entidad) | E70: Mes | F70: 1 | G70: =+IF(F70<>0,Duracion,"") -> 4 | H70: 800000 | J70: =+ROUND(H70*G70*F70,0) -> 3200000
B71: Subtotal Otros Costo (3) | J71: =+J70 -> 3200000
B73: Presupuesto para Inteventoria
B74: TOTAL COSTOS (1) + (2) + (3)= (4) | J74: =+J71+J66+J57 -> 158538004
B75: IVA (4) * 19% = (5) | J75: =+ROUNDDOWN(J74*0.19,0) -> 30122220
B76: AJUSTE AL PESO
B77: COSTO TOTAL POR EL TIEMPO DE LA INTERVENTORÍA | J77: =+ROUND(J74+J75,0) -> 188660224 | L77: 50000000000
L78: =+L77*8/100 -> 4000000000
B82: Nota 1: El presente formato de propuesta economica es inmodificable.
B83: Nota 2: El Factor Multiplicador máximo a reconocer por la entidad será de 2,3. Este Factor Multiplicador (FM) tendrá dos componentes: 1. Factor Prestacional equivalente a 1,6. y 2. Gastos de administración, Legalización, Perfeccionamiento, Imprevistos y Honorarios equivalente a 0,7
B84: Nota 3: El valor de 0,7 correspondiente al componente 2 del FM, será el máximo a reconocer por parte de la Entidad.
B85: Nota 4. El Factor Prestacional correspondiente al componente 1 del FM debe ser ajustado según la modalidad de vinculación del personal a contratar. En todo caso, la Entidad solo reconocerá las prestaciones imputables a la modalidad de vinculación del personal.
B86: Nota 5. Durante la ejecución, se debe presentar una relación mensual de los profesionales que han hecho parte de las actividades ejecutadas dentro del periodo del reporte, indicando el tipo de vinculación, prestaciones sociales pagadas y su valor.

Sheet PUENTE K 0+875
B1: GESTIÓN DE PROYECTOS DE INFRAESTRUCTURA FÍSICA | E1: CÓDIGO | F1: GP-PR-01-F7
B2: FORMATO PRESUPUESTO DE OBRA | E2: VERSIÓN | F2: 2
E3: FECHA | F3: 43003
A4: CANTIDADES DE OBRA APROXIMADAS, PRECIOS UNITARIOS Y VALOR TOTAL
A5: Construcción puente vehicular de 12 metros de longitud y 5,5 metros de ancho, departamento de Cundinamarca
A7: ITEM | B7: DESCRIPCION | C7: UNIDAD | D7: CANTIDAD | E7: Vr. UNITARIO | F7: Vr. TOTAL
A8: 600,4P | B8: EXCAVACIONES VARIAS EN MATERIAL COMUN SECO ( INCLUYE RETIRO DE SOBRANTES A UNA DISTANCIA MENOR DE 5 KM | C8: M3 | D8: 95.94 | E8: 23279 | F8: =D8*E8 -> 2233387.3
A9: 600.4 | B9: CONCRETO CLASE F, 2000 PSI PARA SOLADOS Y ATARQUES | C9: M3 | D9: 2.11 | E9: 438942 | F9: =D9*E9 -> 926167.62
A10: 630.6 | B10: CONCRETO CLASE D, f´ c =3000 PSI (BASES Y LOSAS DE APROXIMACIÓN) | C10: M3 | D10: 34.88 | E10: 660549 | F10: =D10*E10 -> 23039949
A11: 630.4 | B11: CONCRETO CLASE D, f´ c =3000 PSI (ELEVACIONES) | C11: M3 | D11: 10.61 | E11: 778614 | F11: =D11*E11 -> 8261094.5
A12: 630.4 | B12: CONCRETO CLASE D, f´c =4000 PSI (PLACAS) | C12: M3 | D12: 15.46 | E12: 912401 | F12: =D12*E12 -> 14105719
A13: 630.3 | B13: CONCRETO CLASE D, f´c =4000 PSI (VIGAS EN PUENTES) | C13: M3 | D13: =[6]VIGAS!$AN$42 -> 13.3 | E13: 969703 | F13: =D13*E13 -> 12897050
A14: 630.3 | B14: SUMINISTRO E INSTALACIÓN DE APOYOS ELASTOMÉRICOS | C14: U (DM3) | D14: 50 | E14: 99020 | F14: =D14*E14 -> 4951000
A15: 640.1 | B15: SUMINISTRO FIGURADO Y ARMADO DE ACERO DE REFUERZO 60000 PSI | C15: KG | D15: 8430 | E15: 8317 | F15: =D15*E15 -> 70112310
A16: 630.6 | B16: DREN EN TUBERIA PVC SANITARIA, D=4" | C16: UNIDAD | D16: 4 | E16: 19387 | F16: =D16*E16 -> 77548
A17: 16.7 | B17: RELLENO CON MATERIAL DEL SITIO COMPACTADO MECANICAMENTE | C17: M3 | D17: 58.29 | E17: 23110 | F17: =D17*E17 -> 1347081.9
A18: 16.8 | B18: RELLENO PARA ESTRUCTURAS | C18: M3 | D18: 15.12 | E18: 141838 | F18: =D18*E18 -> 2144590.6
A19: 4.4 | B19: SUMINISTRO E INSTALACIÓN DE GEOTEXTIL NT 1800 (ESTABILIZACION, FILTRO Y SEPARACION) | C19: M2 | D19: 24.8 | E19: 8316 | F19: =D19*E19 -> 206236.8
A20: 673.1 | B20: MATERIAL GRANULAR FILTRANTE | C20: M3 | D20: 4.46 | E20: 194774 | F20: =D20*E20 -> 868692.04
A21: *** | B21: JUNTA DE DILATACION | C21: M | D21: 11.2 | E21: 161952 | F21: =D21*E21 -> 1813862.4
B22: COSTOS DIRECTOS
B23: AI | D23: 0.35 | F23: =+F22*D23 -> 0
B24: COSTOS INDIRECTOS | F24: =+F23 -> 0
B26: SUBTOTAL | F26: =+F24+F22 -> 0
B27: AJUSTE
A28: TOTAL VALOR

Sheet APU 1
B1: APU 1 | C1: CONCRETO PARA PAVIMENTO RÍGIDO MR-40, INCLUYE SELLADO DE JUNTAS Y ACERO DE TRANSFERENCIA Y UNIÓNMEZCLA DENSA EN CALIENTE TIPO MDC-19 (INCLUYE CEMENTO ASFÁLTICO) | G1: M3
B2: I. EQUIPO
B3: Descripcion | D3: Unidad | E3: Tarifa | F3: Rendimiento | G3: Valor-Unit
B4: Formaleta pavimento | D4: ML | E4: 2287 | F4: 7 | G4: =+E4*F4 -> 16009
B5: Trompo 2 sacos | D5: D | E5: 103967 | F5: 8 | G5: =+E5/F5 -> 12995.875
B6: Vibrador para concreto | D6: D | E6: 86639 | F6: 8 | G6: =+E6/F6 -> 10829.875
B7: Cortadora de pavimento | D7: H | E7: 93265 | F7: 8 | G7: =+E7/F7 -> 11658.125
B8: Herramienta menor | D8: GL | E8: =+G34*0.1 -> 30614.066 | F8: 1 | G8: =+E8/F8 -> 30614.066
F9: Sub-total | G9: =+SUM(G4:G8) -> 82106.941
B11: II. MATERIALES DE OBRA
B12: Descripcion | D12: Unidad | E12: Tarifa | F12: Rendimiento | G12: Valor-Unit
B13: Cemento gris | D13: kg | E13: 757 | F13: 454 | G13: =+E13*F13 -> 343678
B14: Triturado en municipio | D14: m3 | E14: 89167 | F14: =0.53*1.3 -> 0.689 | G14: =+E14*F14 -> 61436.063
B15: Arena lavada de río en municipio | D15: m3 | E15: 107435 | F15: 0.689 | G15: =+E15*F15 -> 74022.715
B16: Agua | D16: lt | E16: 76 | F16: 195 | G16: =+E16*F16 -> 14820
B17: Aditivos | D17: lt | E17: 26775 | F17: 0.3 | G17: =+E17*F17 -> 8032.5
B18: Cintilla de poliuretano | D18: ml | E18: 189 | F18: 1.6 | G18: =+E18*F18 -> 302.4
B19: Antisol | D19: kg | E19: 19002 | F19: 1.6 | G19: =+E19*F19 -> 30403.2
B20: Sellante elastomérico con base en poliuretano, autonivelante | D20: ml | E20: 3772 | F20: 1.6 | G20: =+E20*F20 -> 6035.2
B21: Acero de refuerzo 60000 psi | D21: kg | E21: 6320 | F21: 8 | G21: =+E21*F21 -> 50560
F23: Sub-total | G23: =+SUM(G13:G22) -> 589290.08
B25: III. TRANSPORTES
B26: Material | C26: Vol-peso o cant | D26: Distancia | E26: m3-km | F26: Tarifa | G26: Valor Unit
F28: Sub-total
B30: IV. MANO DE OBRA
B31: Trabajador | C31: Jornal | D31: Prestaciones | E31: Jornal Total | F31: Rendimiento | G31: Valor Unit
B32: Oficial (1) AA | C32: 114392 | D32: 2 | E32: =+C32*D32 -> 228784 | F32: 2.73 | G32: =+E32/F32 -> 83803.663
B33: Ayudante (4) AA | C33: 303490 | D33: 2 | E33: =+C33*D33 -> 606980 | F33: 2.73 | G33: =+E33/F33 -> 222337
F34: Sub-total | G34: =+SUM(G32:G33) -> 306140.66
F36: Total costo directo | G36: =+G9+G23+G28+G34 -> 977537.68

Sheet APU 2
B1: APU 2 | C1: SUMINISTRO E INSTALACIÓN DE REJILLA PARA SUMIDERO 50 CM | G1: UN
B2: I. EQUIPO
B3: Descripcion | D3: Unidad | E3: Tarifa | F3: Rendimiento | G3: Valor-Unit
B6: Herramienta menor | D6: GL | E6: 2036 | F6: 1 | G6: =+E6/F6 -> 2036
F8: Sub-total | G8: =+SUM(G4:G7) -> 2036
B10: II. MATERIALES DE OBRA
B11: Descripcion | D11: Unidad | E11: Tarifa | F11: Rendimiento | G11: Valor-Unit
B12: REJILLA SUMIDERO 50 CM X 90 CM | D12: UN | E12: 402000 | F12: 1 | G12: =+E12*F12 -> 402000 | I12: https://plannerp.com/user/business/product/page-detail-product/61855c6ba537fd0f7fb43819
G15: =+E15*F15 -> 0
F16: Sub-total | G16: =+SUM(G12:G15) -> 402000
B18: III. TRANSPORTES
B19: Material | C19: Vol-peso o cant | D19: Distancia | E19: m3-km | F19: Tarifa | G19: Valor Unit
F21: Sub-total | G21: =+G20 -> 0
B23: IV. MANO DE OBRA
B24: Trabajador | C24: Jornal | D24: Prestaciones | E24: Jornal Total | F24: Rendimiento | G24: Valor Unit
B26: Ayudante (2) AA | C26: 151745 | D26: 2 | E26: =+C26*D26 -> 303490 | F26: 11 | G26: =+E26/F26 -> 27590
F27: Sub-total | G27: =+SUM(G25:G26) -> 27590
F29: Total costo directo | G29: =+G8+G16+G21+G27 -> 431626

Sheet BASE PRESUPUESTO
C3: INSTITUTO DE CAMINOS Y CONSTRUCCIONES DE CUNDINAMARCA - ICCU
C4: SUBGERENCIA DE INFRAESTRUTURA
C5: PRESUPUESTO DE OBRA
E8: MEJORAMIENTO DE LAS VÍAS URBANAS EN LA CABECERA MUNICIPAL DEL MUNICIPIO DE SAN BERNARDO, DEPARTAMENTO DE CUNDINAMARCA
C11: Nº | D11: ITEM | E11: INVIAS | F11: ITEM PAGO | G11: DESCRIPCIÓN | H11: UND. | I11: CANT. | J11: VALOR UNITARIO | K11: VALOR UNITARIO | L11: VALOR TOTAL
C12: EXPLANACIÓN Y EXCAVACIONES REPLANTEO VIA
C13: 1 | D13: =+VLOOKUP(G13,ICCU!C:H,5,FALSE) -> 2.9 | E13: =+VLOOKUP(G13,ICCU!C:H,6,FALSE) -> 600.1 | G13: EXCAVACIONES VARIAS SIN CLASIFICAR (INCLUYE RETIRO DE SOBRANTES A UNA DISTANCIA MENOR DE 5 KM) | H13: =+VLOOKUP(G13,ICCU!C:F,2,FALSE) -> M3 | I13: =+'1'!K18 -> 1484.0986 | J13: =+VLOOKUP(G13,ICCU!C:F,4,FALSE) -> 29781 | K13: =+ROUND(J13*1.35,0) -> 40204 | L13: =ROUND(I13*K13,0) -> 59666699
A14: | | C14: =+C13+1 -> 2 | D14: =+VLOOKUP(G14,ICCU!C:H,5,FALSE) -> 1.1 | E14: =+VLOOKUP(G14,ICCU!C:H,6,FALSE) -> 201 P | G14: =+ICCU!C938 -> DEMOLICIÓN CONCRETO ESTRUCTURAL (INCLUYE CARGUE Y RETIRO DE SOBRANTES A UNA DISTANCIA DE 5KM) | H14: =+VLOOKUP(G14,ICCU!C:F,2,FALSE) -> M3 | I14: =+'2'!K16 -> 107.428 | J14: =+VLOOKUP(G14,ICCU!C:F,4,FALSE) -> 228726 | K14: =+ROUND(J14*1.35,0) -> 308780 | L14: =ROUND(I14*K14,0) -> 33171618
C15: =+C14+1 -> 3 | D15: =+VLOOKUP(G15,ICCU!C:H,5,FALSE) -> 1.6 | E15: =+VLOOKUP(G15,ICCU!C:H,6,FALSE) -> *** | G15: TRANSPORTE DE MATERIALES PROV. DE EXPLANACIÓN, CANALES, PRESTAMOS, SOBREACARREOS Y DERRUMBES | H15: =+VLOOKUP(G15,ICCU!C:F,2,FALSE) -> M3-KM | I15: =+'3'!K21 -> 55046.67 | J15: =+VLOOKUP(G15,ICCU!C:F,4,FALSE) -> 1823 | K15: =+ROUND(J15*1.35,0) -> 2461 | L15: =ROUND(I15*K15,0) -> 135469855
C16: Subtotal | L16: =SUM(L13:L15) -> 228308172
C17: ESTRUCTURA DE PAVIMENTO
C18: =+C15+1 -> 4 | D18: =+VLOOKUP(G18,ICCU!C:H,5,FALSE) -> 3.15 | E18: =+VLOOKUP(G18,ICCU!C:H,6,FALSE) -> 311.1 | G18: AFIRMADO | H18: =+VLOOKUP(G18,ICCU!C:F,2,FALSE) -> M3 | I18: =+'4'!K18 -> 194.8056 | J18: =+VLOOKUP(G18,ICCU!C:F,4,FALSE) -> 141971 | K18: =+ROUND(J18*1.35,0) -> 191661 | L18: =ROUND(I18*K18,0) -> 37336636
C19: =+C18+1 -> 5 | D19: =+VLOOKUP(G19,ICCU!C:H,5,FALSE) -> 3.22 | E19: =+VLOOKUP(G19,ICCU!C:H,6,FALSE) -> *** | G19: RAJÓN PARA MEJORAMIENTO DE LA SUBRASANTE | H19: =+VLOOKUP(G19,ICCU!C:F,2,FALSE) -> M3 | I19: =+'5'!K18 -> 533.8872 | J19: =+VLOOKUP(G19,ICCU!C:F,4,FALSE) -> 163978 | K19: =+ROUND(J19*1.35,0) -> 221370 | L19: =ROUND(I19*K19,0) -> 118186609
C20: =+C19+1 -> 6 | D20: =+VLOOKUP(G20,ICCU!C:H,5,FALSE) -> 3.3 | E20: =+VLOOKUP(G20,ICCU!C:H,6,FALSE) -> 330.1 | G20: BASE GRANULAR | H20: =+VLOOKUP(G20,ICCU!C:F,2,FALSE) -> M3 | I20: =+'6'!K13 -> 436.8168 | J20: =+VLOOKUP(G20,ICCU!C:F,4,FALSE) -> 329596 | K20: =+ROUND(J20*1.35,0) -> 444955 | L20: =ROUND(I20*K20,0) -> 194363819
C21: =+C20+1 -> 7 | D21: =+VLOOKUP(G21,ICCU!C:H,5,FALSE) -> 4.44 | E21: =+VLOOKUP(G21,ICCU!C:H,6,FALSE) -> *** | G21: =+ICCU!C1032 -> SUMINISTRO E INSTALACIÓN DE GEOTEXTIL T 2100 (ESTABILIZACIÓN, FILTRO Y SEPARACIÓN) | H21: =+VLOOKUP(G21,ICCU!C:F,2,FALSE) -> M2 | I21: =+'7'!K13 -> 1456.056 | J21: =+VLOOKUP(G21,ICCU!C:F,4,FALSE) -> 14111 | K21: =+ROUND(J21*1.35,0) -> 19050 | L21: =ROUND(I21*K21,0) -> 27737867
C22: =+C21+1 -> 8 | D22: =+'APU 1'!B1 -> APU 1 | G22: =+'APU 1'!C1 -> CONCRETO PARA PAVIMENTO RÍGIDO MR-40, INCLUYE SELLADO DE JUNTAS Y ACERO DE TRANSFERENCIA Y UNIÓNMEZCLA DENSA EN CALIENTE TIPO MDC-19 (INCLUYE CEMENTO ASFÁLTICO) | H22: =+'APU 1'!G1 -> M3 | I22: =+'8'!K13 -> 305.77176 | J22: =+'APU 1'!G36 -> 977537.68 | K22: =+ROUND(J22*1.35,0) -> 1319676 | L22: =ROUND(I22*K22,0) -> 403519653
C23: =+C22+1 -> 9 | D23: =+VLOOKUP(G23,ICCU!C:H,5,FALSE) -> 5.8 | G23: =+ICCU!C894 -> BORDILLO DE 20X35 CM FUNDIDO EN CONCRETO DE 2500 PSI | H23: =+VLOOKUP(G23,ICCU!C:F,2,FALSE) -> ML | I23: =+'9'!K13 -> 554 | J23: =+VLOOKUP(G23,ICCU!C:F,4,FALSE) -> 63358 | K23: =+ROUND(J23*1.35,0) -> 85533 | L23: =ROUND(I23*K23,0) -> 47385282
C24: Subtotal | L24: =SUM(L18:L22) -> 781144584
C25: FILTROS Y CUNETAS
C26: =+C23+1 -> 10 | D26: =+VLOOKUP(G26,ICCU!C:H,5,FALSE) -> 2.9 | E26: =+VLOOKUP(G26,ICCU!C:H,6,FALSE) -> 600.1 | G26: EXCAVACIONES VARIAS SIN CLASIFICAR (INCLUYE RETIRO DE SOBRANTES A UNA DISTANCIA MENOR DE 5 KM) | H26: =+VLOOKUP(G26,ICCU!C:F,2,FALSE) -> M3 | I26: =+'10'!K21 -> 249.4992 | J26: =+VLOOKUP(G26,ICCU!C:F,4,FALSE) -> 29781 | K26: =+ROUND(J26*1.35,0) -> 40204 | L26: =ROUND(I26*K26,0) -> 10030866
C27: =+C26+1 -> 11 | D27: =+VLOOKUP(G27,ICCU!C:H,5,FALSE) -> 4.42 | E27: =+VLOOKUP(G27,ICCU!C:H,6,FALSE) -> *** | G27: SUMINISTRO E INSTALACIÓN DE GEOTEXTIL NT 2500 (ESTABILIZACIÓN, FILTRO Y SEPARACIÓN) | H27: =+VLOOKUP(G27,ICCU!C:F,2,FALSE) -> M2 | I27: =+'11'!K16 -> 1898.48 | J27: =+VLOOKUP(G27,ICCU!C:F,4,FALSE) -> 13225 | K27: =+ROUND(J27*1.35,0) -> 17854 | L27: =ROUND(I27*K27,0) -> 33895462
C28: =C27+1 -> 12 | D28: =+VLOOKUP(G28,ICCU!C:H,5,FALSE) -> 4.22 | E28: =+VLOOKUP(G28,ICCU!C:H,6,FALSE) -> 673.1 | G28: MATERIAL GRANULAR FILTRANTE | H28: =+VLOOKUP(G28,ICCU!C:F,2,FALSE) -> M3 | I28: =+'12'!K18 -> 232.656 | J28: =+VLOOKUP(G28,ICCU!C:F,4,FALSE) -> 205949 | K28: =+ROUND(J28*1.35,0) -> 278031 | L28: =ROUND(I28*K28,0) -> 64685580
C29: =C28+1 -> 13 | D29: =+VLOOKUP(G29,ICCU!C:H,5,FALSE) -> 3.11 | G29: TUBERÍA DRENAJE PVC 110, INC TRITURADO | H29: =+VLOOKUP(G29,ICCU!C:F,2,FALSE) -> ML | I29: =+'13'!K19 -> 567.2 | J29: =+VLOOKUP(G29,ICCU!C:F,4,FALSE) -> 35024 | K29: =+ROUND(J29*1.35,0) -> 47282 | L29: =ROUND(I29*K29,0) -> 26818350
C30: Subtotal | L30: =SUM(L26:L29) -> 135430258
C31: POZOS Y SUMIDEROS
C32: =+C29+1 -> 14 | D32: =+VLOOKUP(G32,ICCU!C:H,5,FALSE) -> 4.13 | G32: =+ICCU!C884 -> NIVELACIÓN DE POZOS DE INSPECCIÓN Di=1.20M, E=0.25M, H=0,21M(INCLUYE PAÑETE INTERNO Y DEMOLICIÓN) | H32: =+VLOOKUP(G32,ICCU!C:F,2,FALSE) -> UN | I32: =+'14'!K26 -> 9 | J32: =+VLOOKUP(G32,ICCU!C:F,4,FALSE) -> 207393 | K32: =+ROUND(J32*1.35,0) -> 279981 | L32: =ROUND(I32*K32,0) -> 2519829
C33: =+C32+1 -> 15 | D33: =+VLOOKUP(G33,ICCU!C:H,5,FALSE) -> 4.24 | E33: =+VLOOKUP(G33,ICCU!C:H,6,FALSE) -> 630.6 | G33: =+ICCU!C1012 -> CONCRETO CLASE F, 2000 PSI PARA SOLADOS Y ATRAQUES | H33: =+VLOOKUP(G33,ICCU!C:F,2,FALSE) -> M3 | I33: =+'15'!K17 -> 0.4 | J33: =+VLOOKUP(G33,ICCU!C:F,4,FALSE) -> 544218 | K33: =+ROUND(J33*1.35,0) -> 734694 | L33: =ROUND(I33*K33,0) -> 293878
C34: =+C33+1 -> 16 | D34: =+VLOOKUP(G34,ICCU!C:H,5,FALSE) -> 4.6 | E34: =+VLOOKUP(G34,ICCU!C:H,6,FALSE) -> 630.4 | G34: =+ICCU!C994 -> CONCRETOS CLASE D, f´c =3000 psi (bases) | H34: =+VLOOKUP(G34,ICCU!C:F,2,FALSE) -> M3 | I34: =+'16'!K17 -> 1.44 | J34: =+VLOOKUP(G34,ICCU!C:F,4,FALSE) -> 840623 | K34: =+ROUND(J34*1.35,0) -> 1134841 | L34: =ROUND(I34*K34,0) -> 1634171
C35: =+C34+1 -> 17 | D35: =+VLOOKUP(G35,ICCU!C:H,5,FALSE) -> 4.7 | E35: =+VLOOKUP(G35,ICCU!C:H,6,FALSE) -> 630.4 | G35: =+ICCU!C995 -> CONCRETOS CLASE D, f´c =3000 psi (elevaciones) | H35: =+VLOOKUP(G35,ICCU!C:F,2,FALSE) -> M3 | I35: =+'17'!K17 -> 3.8792 | J35: =+VLOOKUP(G35,ICCU!C:F,4,FALSE) -> 1015277 | K35: =+ROUND(J35*1.35,0) -> 1370624 | L35: =ROUND(I35*K35,0) -> 5316925
C36: =+C35+1 -> 18 | D36: =+VLOOKUP(G36,ICCU!C:H,5,FALSE) -> 4.52 | E36: =+VLOOKUP(G36,ICCU!C:H,6,FALSE) -> 640.1 | G36: =+ICCU!C1040 -> SUMINISTRO FIGURADO Y ARMADO DE ACERO DE REFUERZO 60000 PSI | H36: =+VLOOKUP(G36,ICCU!C:F,2,FALSE) -> KG | I36: =+'18'!K17 -> 441 | J36: =+VLOOKUP(G36,ICCU!C:F,4,FALSE) -> 8616 | K36: =+ROUND(J36*1.35,0) -> 11632 | L36: =ROUND(I36*K36,0) -> 5129712
C37: =+C36+1 -> 19 | D37: =+VLOOKUP(G37,ICCU!C:H,5,FALSE) -> 3.12 | G37: =+ICCU!C86 -> TUBERÍA DRENAJE PVC 160, INC TRITURADO | H37: =+VLOOKUP(G37,ICCU!C:F,2,FALSE) -> ML | I37: =+'19'!K19 -> 1.5 | J37: =+VLOOKUP(G37,ICCU!C:F,4,FALSE) -> 60343 | K37: =+ROUND(J37*1.35,0) -> 81463 | L37: =ROUND(I37*K37,0) -> 122195
C38: =+C37+1 -> 20 | D38: =+VLOOKUP(G38,ICCU!C:H,5,FALSE) -> 3.28 | G38: =+ICCU!C865 -> TUBERÍA PVC ALCANTARILLADO 16" | H38: =+VLOOKUP(G38,ICCU!C:F,2,FALSE) -> ML | I38: =+'20'!K19 -> 4 | J38: =+VLOOKUP(G38,ICCU!C:F,4,FALSE) -> 226593 | K38: =+ROUND(J38*1.35,0) -> 305901 | L38: =ROUND(I38*K38,0) -> 1223604
C39: =+C38+1 -> 21 | D39: =+'APU 2'!B1 -> APU 2 | G39: =+'APU 2'!C1 -> SUMINISTRO E INSTALACIÓN DE REJILLA PARA SUMIDERO 50 CM | H39: =+'APU 2'!G1 -> UN | I39: =+'21'!K19 -> 7 | J39: =+'APU 2'!G29 -> 431626 | K39: =+ROUND(J39*1.35,0) -> 582695 | L39: =ROUND(I39*K39,0) -> 4078865
C40: Subtotal | L40: =SUM(L32:L39) -> 20319179
K41: SUBTOTAL COSTO DIRECTO | L41: =L16+L24+L30+L40 -> 1165202193
G43: VALOR TOTAL OBRA | L43: =L41 -> 1165202193 | O43: =+L50/L43 -> 0.16191201
G44: REVISION Y/O VERIFICACIÓN DE LOS ESTUDIOS Y DISEÑOS | L44: 20000000
G45: PLAN DE MANEJO DE TRAFICO | L45: =+'PPTO PMT'!I30 -> 43270928
G46: PLAN DE ADAPTACION DE LA GUIA AMBIENTAL | L46: =+'PPTO PAGA'!I101 -> 36419928
G47: PROVISION PARA AJUSTE POR POSIBLE VARIACION COSTOS EN INSUMOS | L47: =50000000-3553273 -> 46446727
G48: VALOR TOTAL | L48: =L43+L44+L45+L46+L47 -> 1311339776 | O48: =+L50/L48 -> 0.1438683
G50: INTERVENTORIA | L50: =+'PPTO INTERV'!J77 -> 188660224
G52: TOTAL | L52: =+SUM(L48:L50) -> 1500000000
N53: =+L43/2.13 -> 5.4704328e+08
N54: =1500000000-L52 -> 0

Sheet CARCT VIA
P2: VÍA | V2: CUNETAS | AC2: SUMIDEROS
B3: ABSCISA | C3: AREA CORTE | D3: AREA RELLENO | E3: VOLUMEN CORTE | F3: VOLUMEN RELLENO | G3: VOLUMEN CORTE ACUM | H3: VOLUMEN RELLENO ACUM | J3: EXCAVACIONES | K3: ABS | L3: ABS | M3: VOL | P3: ABCISA | Q3: LONGITUD | R3: ANCHO | S3: REPLANTEO (R o E) | T3: MODULACION | V3: ABCISA | W3: LONGITUD | X3: AREA | Y3: ANCHO | AC3: ABCISA | AD3: LONGITUD | AE3: CANT | AF3: TIPO
J4: =+O9 -> CAJON 1 | K4: 0 | L4: =+P9 -> TRAMO 1 | M4: =+(Q9-50)*R9*(S9) -> 965.328 | O4: MR-40 | P4: TRAMO 1 | Q4: =T4*3.6 -> 226.8 | R4: =20*0.3 -> 6 | S4: 0.21 | T4: 63 | V4: TIPO I IZQ | W4: 0 | X4: 0.1939 | Y4: 0.84 | AC4: K0+185 | AD4: 6 | AE4: 1 | AF4: TRANSV
J5: SOBREANCHOS | L5: =+P16 -> 0.07 | M5: =+M4*L5 -> 67.57296 | O5: BG | P5: =+P4 -> TRAMO 1 | Q5: =+Q4 -> 226.8 | R5: =+R4 -> 6 | S5: 0.3 | V5: TIPO II DER | W5: 0 | X5: 0.1918 | Y5: 1.09
J6: CAJON 2 | K6: =+P8 -> TRAMO 1 | L6: TRAMO 2 | M6: =+(Q15+50)*R15*(S15-S10) -> 421.68 | O6: SBG | P6: =+P5 -> TRAMO 1 | Q6: =+Q5 -> 226.8 | R6: =+R5 -> 6 | S6: 0
J7: SOBREANCHOS | L7: =+P16 -> 0.07 | M7: =+M6*L7 -> 29.5176 | O7: MEJORAMIENTO AFIR | P7: TRAMO 1 | Q7: =+Q6 -> 226.8 | R7: =+R6 -> 6 | S7: 0.1
J8: REPLANTEO T3 | O8: MEJORAMIENTO RAJ | P8: =+P7 -> TRAMO 1 | Q8: =+Q7 -> 226.8 | R8: =+R7 -> 6 | S8: 0.3
O9: CAJON 1 | P9: TRAMO 1 | Q9: =+Q4 -> 226.8 | R9: =+R7 -> 6 | S9: =+SUM(S4:S8) -> 0.91 | U9: =+Q9*R9*S9 -> 1238.328
J10: RELLENO | K10: ABS | L10: ABS | M10: VOL | O10: MR-40 | P10: TRAMO 2 | Q10: =14*3.6 -> 50.4 | R10: =20*0.3 -> 6 | S10: 0.21 | T10: =+Q10/3.6 -> 14 | U10: =+Q15*R15*S15 -> 275.184 | W10: LONGITUD | X10: ANCHO | Y10: PROF | Z10: CANT
J11: REPLANTEO T1 | O11: BG | P11: =+P10 -> TRAMO 2 | Q11: =+Q10 -> 50.4 | R11: =+R10 -> 6 | S11: 0.3 | V11: FILTRO | W11: =+Q4 -> 226.8 | X11: 0.6 | Y11: 1 | Z11: 2
J12: REPLANTEO T2 | O12: SBG | P12: =+P11 -> TRAMO 2 | Q12: =+Q11 -> 50.4 | R12: =+R11 -> 6 | S12: 0 | V12: MURO | W12: 0 | X12: 0.3 | Y12: 0.4 | Z12: 1 | AC12: MUROS | AF12: VASTAGO | AH12: CAISSON | AJ12: VIGA
J13: REPLANTEO T3 | O13: MEJORAMIENTO AFIR | P13: =+P12 -> TRAMO 2 | Q13: =+Q12 -> 50.4 | R13: =+R12 -> 6 | S13: 0.1 | AC13: PUNTO | AD13: LONGITUD TOTAL | AE13: LONG MODULOS | AF13: ANCHO | AG13: ALTO | AH13: CANTIDAD | AI13: CAISSON | AJ13: ANCHO | AK13: ALTO
O14: MEJORAMIENTO RAJ | P14: =+P13 -> TRAMO 2 | Q14: =+Q13 -> 50.4 | R14: =+R13 -> 6 | S14: 0.3 | AB14: CONFINAMIENTO | AC14: MURO 1 | AD14: 0 | AE14: 5 | AF14: 0.35 | AG14: 2 | AJ14: 2 | AK14: 0.35
J15: TRAMOS | K15: ABS IN | L15: ABS FIN | M15: LONG | O15: CAJON 2 | P15: =+P14 -> TRAMO 2 | Q15: =+Q10 -> 50.4 | R15: =+R4 -> 6 | S15: =+SUM(S4:S8) -> 0.91
J16: TRAMO 1 | K16: 0 | L16: =+K16+M16 -> 277.2 | M16: =+Q4+Q10 -> 277.2 | N16: 2134 | O16: SOBREANCHO | P16: 0.07
N17: =+N16-M16 -> 1856.8
N18: 28043874125
J19: SUMA | M19: =+M16 -> 277.2 | N19: =+'BASE PRESUPUESTO'!L52 -> 1500000000

Sheet 1
A1: MEMORIA DE CANTIDADES DE OBRA | M1: INDICE
A2: Fecha de elaboracion: 03 de septiembre de 2021 | E2: Versión: 1 | F2: Hoja: 16 de 28
A3: OBJETO: | D3: ='BASE PRESUPUESTO'!#REF! -> #REF!
A4: (a) ITEM Nº: | B4: =+'BASE PRESUPUESTO'!C13 -> 1 | C4: (b) DESCRIPCION ITEM | D4: =+VLOOKUP(B4,'BASE PRESUPUESTO'!C:L,5,FALSE) -> EXCAVACIONES VARIAS SIN CLASIFICAR (INCLUYE RETIRO DE SOBRANTES A UNA DISTANCIA MENOR DE 5 KM) | J4: (c) UND: | K4: =+VLOOKUP(B4,'BASE PRESUPUESTO'!D:L,5,FALSE) -> #N/A
A6: (d) PLANO DESCRIPTIVO DE LA MEMORIA | E6: (e) LOCALIZACION | F6: MEDIDAS | I6: (i) MEDIDA PARCIAL | J6: (j) N° DE ELEMENTOS | K6: (k) MEDIDA TOTAL
A7: PLANO: | E7: DESCRIPCION | F7: VOL (M3) | I7: V(M3)
E8: REPLANTEO DE VÍA
E9: EXCAVACIONES
E10: =+'CARCT VIA'!J4 -> CAJON 1 | F10: =+'CARCT VIA'!M4 -> 965.328 | I10: =+F10 -> 965.328 | J10: 1 | K10: =I10*J10 -> 965.328
E11: =+'CARCT VIA'!J5 -> SOBREANCHOS | F11: =+'CARCT VIA'!M5 -> 67.57296 | I11: =+F11 -> 67.57296 | J11: 1 | K11: =I11*J11 -> 67.57296
E12: CAJON 2 | F12: =+'CARCT VIA'!M6 -> 421.68 | I12: =+F12 -> 421.68 | J12: 1 | K12: =I12*J12 -> 421.68
E13: =+'CARCT VIA'!J7 -> SOBREANCHOS | F13: =+'CARCT VIA'!M7 -> 29.5176 | I13: =+F13 -> 29.5176 | J13: 1 | K13: =I13*J13 -> 29.5176
E18: Total | K18: =+IF(SUM(K9:K17)>0,SUM(K9:K17),0) -> 1484.0986

Sheet 2
A1: MEMORIA DE CANTIDADES DE OBRA | M1: INDICE
A2: Fecha de elaboracion: 03 de septiembre de 2021 | E2: Versión: 1 | F2: Hoja: 16 de 28
A3: OBJETO: | D3: ='BASE PRESUPUESTO'!#REF! -> #REF!
A4: (a) ITEM Nº: | B4: =+'BASE PRESUPUESTO'!C14 -> 2 | C4: (b) DESCRIPCION ITEM | D4: =+VLOOKUP(B4,'BASE PRESUPUESTO'!C:L,5,FALSE) -> DEMOLICIÓN CONCRETO ESTRUCTURAL (INCLUYE CARGUE Y RETIRO DE SOBRANTES A UNA DISTANCIA DE 5KM) | J4: (c) UND: | K4: =+VLOOKUP(B4,'BASE PRESUPUESTO'!D:L,5,FALSE) -> #N/A
A6: (d) PLANO DESCRIPTIVO DE LA MEMORIA | E6: (e) LOCALIZACION | F6: MEDIDAS | I6: (i) MEDIDA PARCIAL | J6: (j) N° DE ELEMENTOS | K6: (k) MEDIDA TOTAL
A7: PLANO: | E7: DESCRIPCION | F7: LONG (M) | G7: ANCHO (M) | H7: ESPESOR (M) | I7: V(M3)
E8: REPLANTEO DE VÍA
E9: EXCAVACIONES
E10: =+'CARCT VIA'!P10 -> TRAMO 2 | F10: =+'CARCT VIA'!Q10+50 -> 100.4 | G10: =+'CARCT VIA'!R10 -> 6 | H10: =+'CARCT VIA'!S10 -> 0.21 | I10: =+F10 -> 100.4 | J10: 1 | K10: =I10*J10 -> 100.4
E11: =+'CARCT VIA'!J7 -> SOBREANCHOS | F11: =+K10 -> 100.4 | I11: =+F11 -> 100.4 | J11: =+'CARCT VIA'!P16 -> 0.07 | K11: =I11*J11 -> 7.028
E16: Total | K16: =+IF(SUM(K9:K15)>0,SUM(K9:K15),0) -> 107.428

Sheet 3
A1: MEMORIA DE CANTIDADES DE OBRA | M1: INDICE
A2: Fecha de elaboracion: 03 de septiembre de 2021 | E2: Versión: 1 | F2: Hoja: 16 de 28
A3: OBJETO: | D3: ='BASE PRESUPUESTO'!#REF! -> #REF!
A4: (a) ITEM Nº: | B4: =+'BASE PRESUPUESTO'!C15 -> 3 | C4: (b) DESCRIPCION ITEM | D4: =+VLOOKUP(B4,'BASE PRESUPUESTO'!C:L,5,FALSE) -> TRANSPORTE DE MATERIALES PROV. DE EXPLANACIÓN, CANALES, PRESTAMOS, SOBREACARREOS Y DERRUMBES | J4: (c) UND: | K4: =+VLOOKUP(B4,'BASE PRESUPUESTO'!D:L,5,FALSE) -> #N/A
A6: (d) PLANO DESCRIPTIVO DE LA MEMORIA | E6: (e) LOCALIZACION | F6: MEDIDAS | I6: (i) MEDIDA PARCIAL | J6: (j) KM | K6: (k) MEDIDA TOTAL
A7: PLANO: | E7: DESCRIPCION | I7: KM | J7: FACTOR
E8: REPLANTEO DE VÍA
E9: EXCAVACIONES | F9: VOL | G9: DIST | H9: APU | I9: DIST TOTAL
E10: EXCAVACIONES VARIAS VIA | F10: =+'1'!K18 -> 1484.0986 | G10: =+M10 -> 28 | H10: 5 | I10: =+IF(G10-H10<0,0,G10-H10) -> 23 | J10: 1.3 | K10: =+F10*I10*J10 -> 44374.547 | L10: =+K10*'BASE PRESUPUESTO'!K15 -> 1.0920576e+08 | M10: 28 | N10: Pachon
E11: DEMOLICION | F11: =+'2'!K16 -> 107.428 | G11: =+G10 -> 28 | H11: 5 | I11: =+IF(G11-H11<0,0,G11-H11) -> 23 | J11: 1.3 | K11: =+F11*I11*J11 -> 3212.0972
E12: FILTROS | F12: =+'10'!K21 -> 249.4992 | G12: =+G10 -> 28 | H12: 5 | I12: =+IF(G12-H12<0,0,G12-H12) -> 23 | J12: 1.3 | K12: =+F12*I12*J12 -> 7460.0261
E13: RELLENOS | M13: Boqueron | N13: 28.2
E14: AFIRMADO | F14: =+'4'!K18 -> 194.8056 | G14: 30 | H14: 39 | I14: =+IF(G14-H14<0,0,G14-H14) -> 0 | J14: 1.3 | K14: =+F14*I14*J14 -> 0 | M14: Nilo | N14: 70
E15: RAJON | F15: =+'5'!K18 -> 533.8872 | G15: 30 | H15: 38 | I15: =+IF(G15-H15<0,0,G15-H15) -> 0 | J15: 1.1 | K15: =+F15*I15*J15 -> 0
E16: BASE | F16: =+'6'!K13 -> 436.8168 | G16: 70 | H16: 70 | I16: =+IF(G16-H16<0,0,G16-H16) -> 0 | J16: 1.3 | K16: =+F16*I16*J16 -> 0 | L16: =+'BASE PRESUPUESTO'!L52 -> 1500000000
E21: Total | K21: =SUM(K10:K20) -> 55046.67
G23: 86

Sheet 4
A1: MEMORIA DE CANTIDADES DE OBRA | M1: INDICE
A2: Fecha de elaboracion: 03 de septiembre de 2021 | E2: Versión: 1 | F2: Hoja: 16 de 28
A3: OBJETO: | D3: ='BASE PRESUPUESTO'!#REF! -> #REF!
A4: (a) ITEM Nº: | B4: =+'BASE PRESUPUESTO'!C18 -> 4 | C4: (b) DESCRIPCION ITEM | D4: =+VLOOKUP(B4,'BASE PRESUPUESTO'!C:L,5,FALSE) -> AFIRMADO | J4: (c) UND: | K4: =+VLOOKUP(B4,'BASE PRESUPUESTO'!D:L,5,FALSE) -> #N/A
A6: (d) PLANO DESCRIPTIVO DE LA MEMORIA | E6: (e) LOCALIZACION | F6: MEDIDAS | I6: (i) MEDIDA PARCIAL | J6: (j) N° DE ELEMENTOS | K6: (k) MEDIDA TOTAL
A7: PLANO: | E7: DESCRIPCION | F7: VOL (M3) | I7: V(M3)
E8: REPLANTEO DE VÍA
E9: RELLENOS
E10: =+'CARCT VIA'!P7 -> TRAMO 1 | F10: =+'CARCT VIA'!Q7 -> 226.8 | G10: =+'CARCT VIA'!R7 -> 6 | H10: =+'CARCT VIA'!S7 -> 0.1 | I10: =+F10*G10*H10 -> 136.08 | J10: 1 | K10: =I10*J10 -> 136.08
E11: SOBREANCHO | F11: =+K10 -> 136.08 | I11: =+F11 -> 136.08 | J11: =+'CARCT VIA'!P16 -> 0.07 | K11: =I11*J11 -> 9.5256
E12: =+'CARCT VIA'!P13 -> TRAMO 2 | F12: =+'CARCT VIA'!Q13 -> 50.4 | G12: =+'CARCT VIA'!R13 -> 6 | H12: =+'CARCT VIA'!S13 -> 0.1 | I12: =+F12*G12*H12 -> 30.24 | J12: 1 | K12: =I12*J12 -> 30.24
E13: SOBREANCHO | F13: =+K12 -> 30.24 | I13: =+F13 -> 30.24 | J13: =+'CARCT VIA'!P16 -> 0.07 | K13: =I13*J13 -> 2.1168
E14: CONEXIÓN SUMIDERO | F14: =+'10'!F11 -> 23.2 | G14: =+'10'!G11 -> 0.6 | H14: =+'10'!H11-'11'!H11 -> 1.21 | I14: =+F14*G14*H14 -> 16.8432 | J14: 1 | K14: =I14*J14 -> 16.8432
E18: Total | K18: =+IF(SUM(K9:K17)>0,SUM(K9:K17),0) -> 194.8056

Sheet 5
A1: MEMORIA DE CANTIDADES DE OBRA | M1: INDICE
A2: Fecha de elaboracion: 03 de septiembre de 2021 | E2: Versión: 1 | F2: Hoja: 16 de 28
A3: OBJETO: | D3: ='BASE PRESUPUESTO'!#REF! -> #REF!
A4: (a) ITEM Nº: | B4: =+'BASE PRESUPUESTO'!C19 -> 5 | C4: (b) DESCRIPCION ITEM | D4: =+VLOOKUP(B4,'BASE PRESUPUESTO'!C:L,5,FALSE) -> RAJÓN PARA MEJORAMIENTO DE LA SUBRASANTE | J4: (c) UND: | K4: =+VLOOKUP(B4,'BASE PRESUPUESTO'!D:L,5,FALSE) -> #N/A
A6: (d) PLANO DESCRIPTIVO DE LA MEMORIA | E6: (e) LOCALIZACION | F6: MEDIDAS | I6: (i) MEDIDA PARCIAL | J6: (j) N° DE ELEMENTOS | K6: (k) MEDIDA TOTAL
A7: PLANO: | E7: DESCRIPCION | F7: VOL (M3) | I7: V(M3)
E8: REPLANTEO DE VÍA
E9: RELLENOS
E10: =+'CARCT VIA'!P8 -> TRAMO 1 | F10: =+'CARCT VIA'!Q8 -> 226.8 | G10: =+'CARCT VIA'!R8 -> 6 | H10: =+'CARCT VIA'!S8 -> 0.3 | I10: =+F10*G10*H10 -> 408.24 | J10: 1 | K10: =I10*J10 -> 408.24
E11: SOBREANCHO | F11: =+K10 -> 408.24 | I11: =+F11 -> 408.24 | J11: =+'CARCT VIA'!P16 -> 0.07 | K11: =I11*J11 -> 28.5768
E12: =+'CARCT VIA'!P14 -> TRAMO 2 | F12: =+'CARCT VIA'!Q14 -> 50.4 | G12: =+'CARCT VIA'!R14 -> 6 | H12: =+'CARCT VIA'!S14 -> 0.3 | I12: =+F12*G12*H12 -> 90.72 | J12: 1 | K12: =I12*J12 -> 90.72
E13: SOBREANCHO | F13: =+K12 -> 90.72 | I13: =+F13 -> 90.72 | J13: =+'CARCT VIA'!P16 -> 0.07 | K13: =I13*J13 -> 6.3504
E18: Total | K18: =+IF(SUM(K10:K17)>0,SUM(K10:K17),0) -> 533.8872

Sheet 6
A1: MEMORIA DE CANTIDADES DE OBRA | M1: INDICE
A2: Fecha de elaboracion: 03 de septiembre de 2021 | E2: Versión: 1 | F2: Hoja: 22 de 28
A3: OBJETO: | D3: ='BASE PRESUPUESTO'!#REF! -> #REF!
A4: (a) ITEM Nº: | B4: =+'BASE PRESUPUESTO'!C20 -> 6 | C4: (b) DESCRIPCION ITEM | D4: =+VLOOKUP(B4,'BASE PRESUPUESTO'!C:L,5,FALSE) -> BASE GRANULAR | J4: (c) UND: | K4: =+VLOOKUP(B4,'BASE PRESUPUESTO'!D:L,5,FALSE) -> #N/A
A6: (d) PLANO DESCRIPTIVO DE LA MEMORIA | E6: (e) LOCALIZACION | F6: MEDIDAS | I6: (i) MEDIDA PARCIAL | J6: (j) N° DE ELEMENTOS | K6: (k) MEDIDA TOTAL
A7: PLANO: | E7: DESCRIPCION | F7: LARGO(M) | G7: ANCHO(M) | H7: ESPESOR (M) | I7: V(M3)
E8: VÍA
E9: =+'CARCT VIA'!P5 -> TRAMO 1 | F9: =+'CARCT VIA'!Q5 -> 226.8 | G9: =+'CARCT VIA'!R5 -> 6 | H9: =+'CARCT VIA'!S5 -> 0.3 | I9: =F9*G9*H9 -> 408.24 | J9: 1 | K9: =I9*J9 -> 408.24
E10: SOBREANCHOS | F10: =+K9 -> 408.24 | I10: =+F10 -> 408.24 | J10: =+'CARCT VIA'!P16 -> 0.07 | K10: =I10*J10 -> 28.5768
E11: =+'CARCT VIA'!P11 -> TRAMO 2 | F11: =+'CARCT VIA'!Q11 -> 50.4 | G11: =+'CARCT VIA'!R11 -> 6 | H11: =+'CARCT VIA'!S11 -> 0.3 | I11: =F11*G11*H11 -> 90.72 | J11: 1 | K11: =I11*J11 -> 90.72
E12: SOBREANCHOS | F12: =+K11 -> 90.72 | I12: =+F12 -> 90.72 | J12: =+'CARCT VIA'!P16 -> 0.07 | K12: =I12*J12 -> 6.3504
E13: Total | K13: =SUM(K9:K10) -> 436.8168

Sheet 7
A1: MEMORIA DE CANTIDADES DE OBRA | M1: INDICE
A2: Fecha de elaboracion: 03 de septiembre de 2021 | E2: Versión: 1 | F2: Hoja: 18 de 28
A3: OBJETO: | D3: ='BASE PRESUPUESTO'!#REF! -> #REF!
A4: (a) ITEM Nº: | B4: =+'BASE PRESUPUESTO'!C21 -> 7 | C4: (b) DESCRIPCION ITEM | D4: =+VLOOKUP(B4,'BASE PRESUPUESTO'!C:L,5,FALSE) -> SUMINISTRO E INSTALACIÓN DE GEOTEXTIL T 2100 (ESTABILIZACIÓN, FILTRO Y SEPARACIÓN) | J4: (c) UND: | K4: =+VLOOKUP(B4,'BASE PRESUPUESTO'!C:L,6,FALSE) -> M2
A6: (d) PLANO DESCRIPTIVO DE LA MEMORIA | E6: (e) LOCALIZACION | F6: MEDIDAS | I6: (i) MEDIDA PARCIAL | J6: (j) N° DE ELEMENTOS | K6: (k) MEDIDA TOTAL
A7: PLANO: | E7: DESCRIPCION | F7: LARGO(M) | G7: ANCHO(M) | H7: ESPESOR (M) | I7: A(M2)
E8: VÍA
E9: =+'CARCT VIA'!P4 -> TRAMO 1 | F9: =+'CARCT VIA'!Q4 -> 226.8 | G9: =+'CARCT VIA'!R4 -> 6 | H9: 0 | I9: =+F9*G9 -> 1360.8 | J9: 1 | K9: =I9*J9 -> 1360.8
E10: SOBREANCHOS | F10: =+K9 -> 1360.8 | I10: =+F10 -> 1360.8 | J10: =+'CARCT VIA'!$P$16 -> 0.07 | K10: =I10*J10 -> 95.256
E11: =+'CARCT VIA'!P10 -> TRAMO 2 | F11: =+'CARCT VIA'!Q10 -> 50.4 | G11: =+'CARCT VIA'!R10 -> 6 | H11: 0 | I11: =+F11*G11 -> 302.4 | J11: 1 | K11: =I11*J11 -> 302.4
E12: SOBREANCHOS | F12: =+K11 -> 302.4 | I12: =+F12 -> 302.4 | J12: =+'CARCT VIA'!$P$16 -> 0.07 | K12: =I12*J12 -> 21.168
E13: Total | K13: =SUM(K9:K10) -> 1456.056

Sheet 8
A1: MEMORIA DE CANTIDADES DE OBRA | M1: INDICE
A2: Fecha de elaboracion: 03 de septiembre de 2021 | E2: Versión: 1 | F2: Hoja: 18 de 28
A3: OBJETO: | D3: ='BASE PRESUPUESTO'!#REF! -> #REF!
A4: (a) ITEM Nº: | B4: =+'BASE PRESUPUESTO'!C22 -> 8 | C4: (b) DESCRIPCION ITEM | D4: =+VLOOKUP(B4,'BASE PRESUPUESTO'!C:L,5,FALSE) -> CONCRETO PARA PAVIMENTO RÍGIDO MR-40, INCLUYE SELLADO DE JUNTAS Y ACERO DE TRANSFERENCIA Y UNIÓNMEZCLA DENSA EN CALIENTE TIPO MDC-19 (INCLUYE CEMENTO ASFÁLTICO) | J4: (c) UND: | K4: =+VLOOKUP(B4,'BASE PRESUPUESTO'!C:L,6,FALSE) -> M3
A6: (d) PLANO DESCRIPTIVO DE LA MEMORIA | E6: (e) LOCALIZACION | F6: MEDIDAS | I6: (i) MEDIDA PARCIAL | J6: (j) N° DE ELEMENTOS | K6: (k) MEDIDA TOTAL
A7: PLANO: | E7: DESCRIPCION | F7: LARGO(M) | G7: ANCHO(M) | H7: ESPESOR (M) | I7: V(M3)
E8: VÍA
E9: =+'CARCT VIA'!P4 -> TRAMO 1 | F9: =+'CARCT VIA'!Q4 -> 226.8 | G9: =+'CARCT VIA'!R4 -> 6 | H9: =+'CARCT VIA'!S4 -> 0.21 | I9: =F9*G9*H9 -> 285.768 | J9: 1 | K9: =I9*J9 -> 285.768
E10: SOBREANCHOS | F10: =+K9 -> 285.768 | I10: =+F10 -> 285.768 | J10: =+'CARCT VIA'!$P$16 -> 0.07 | K10: =I10*J10 -> 20.00376
E11: =+'CARCT VIA'!P10 -> TRAMO 2 | F11: =+'CARCT VIA'!Q10 -> 50.4 | G11: =+'CARCT VIA'!R10 -> 6 | H11: =+'CARCT VIA'!S10 -> 0.21 | I11: =F11*G11*H11 -> 63.504 | J11: 1 | K11: =I11*J11 -> 63.504
E12: SOBREANCHOS | F12: =+K11 -> 63.504 | I12: =+F12 -> 63.504 | J12: =+'CARCT VIA'!$P$16 -> 0.07 | K12: =I12*J12 -> 4.44528
E13: Total | K13: =SUM(K9:K10) -> 305.77176

Sheet 9
A1: MEMORIA DE CANTIDADES DE OBRA | M1: INDICE
A2: Fecha de elaboracion: 03 de septiembre de 2021 | E2: Versión: 1 | F2: Hoja: 18 de 28
A3: OBJETO: | D3: ='BASE PRESUPUESTO'!#REF! -> #REF!
A4: (a) ITEM Nº: | B4: =+'BASE PRESUPUESTO'!C23 -> 9 | C4: (b) DESCRIPCION ITEM | D4: =+VLOOKUP(B4,'BASE PRESUPUESTO'!C:L,5,FALSE) -> BORDILLO DE 20X35 CM FUNDIDO EN CONCRETO DE 2500 PSI | J4: (c) UND: | K4: =+VLOOKUP(B4,'BASE PRESUPUESTO'!C:L,6,FALSE) -> ML
A6: (d) PLANO DESCRIPTIVO DE LA MEMORIA | E6: (e) LOCALIZACION | F6: MEDIDAS | I6: (i) MEDIDA PARCIAL | J6: (j) N° DE ELEMENTOS | K6: (k) MEDIDA TOTAL
A7: PLANO: | E7: DESCRIPCION | F7: LARGO(M) | G7: ANCHO(M) | H7: ESPESOR (M) | I7: A(M2)
E8: VÍA
E9: =+'CARCT VIA'!P4 -> TRAMO 1 | F9: =+ROUNDUP('CARCT VIA'!Q4,0) -> 227 | I9: =+F9 -> 227 | J9: 2 | K9: =I9*J9 -> 454
E11: =+'CARCT VIA'!P10 -> TRAMO 2 | F11: =+ROUND('CARCT VIA'!Q10,0) -> 50 | I11: =+F11 -> 50 | J11: 2 | K11: =I11*J11 -> 100
E13: Total | K13: =SUM(K9:K12) -> 554

Sheet 11
A1: MEMORIA DE CANTIDADES DE OBRA | M1: INDICE
A2: Fecha de elaboracion: 03 de septiembre de 2021 | E2: Versión: 1 | F2: Hoja: 20 de 28
A3: OBJETO: | D3: ='BASE PRESUPUESTO'!#REF! -> #REF!
A4: (a) ITEM Nº: | B4: =+'BASE PRESUPUESTO'!C27 -> 11 | C4: (b) DESCRIPCION ITEM | D4: =+VLOOKUP(B4,'BASE PRESUPUESTO'!C:L,5,FALSE) -> SUMINISTRO E INSTALACIÓN DE GEOTEXTIL NT 2500 (ESTABILIZACIÓN, FILTRO Y SEPARACIÓN) | J4: (c) UND: | K4: =+VLOOKUP(B4,'BASE PRESUPUESTO'!C:L,6,FALSE) -> M2
A6: (d) PLANO DESCRIPTIVO DE LA MEMORIA | E6: (e) LOCALIZACION | F6: MEDIDAS | I6: (i) MEDIDA PARCIAL | J6: (j) N° DE ELEMENTOS | K6: (k) MEDIDA TOTAL
A7: PLANO: | E7: DESCRIPCION | F7: LARGO (M) | G7: ANCHO(M) | H7: PROFUNDIDAD(M) | I7: V(M3)
E8: FILTROS
E9: =+'CARCT VIA'!V11 -> FILTRO | F9: =+'CARCT VIA'!W11 -> 226.8 | G9: =+'CARCT VIA'!X11 -> 0.6 | H9: =+'CARCT VIA'!Y11 -> 1 | I9: =+F9*(G9*2+H9*2+0.3) -> 793.8 | J9: =+'CARCT VIA'!Z11 -> 2 | K9: =+I9*J9 -> 1587.6
E10: CONEXIÓN | F10: =3*1.4 -> 4.2 | G10: =+'CARCT VIA'!X11 -> 0.6 | H10: =+'CARCT VIA'!Y11-'CARCT VIA'!S8 -> 0.7 | I10: =+F10*(G10*2+H10*2+0.3) -> 12.18 | J10: 8 | K10: =+I10*J10 -> 97.44
E11: CONEXIÓN SUMIDERO | F11: =250-F9 -> 23.2 | G11: =+'CARCT VIA'!X11 -> 0.6 | H11: 0.3 | I11: =+F11*(G11*2+H11*2+0.3) -> 48.72 | J11: 1 | K11: =+I11*J11 -> 48.72
E12: CONEXIÓN SUMIDERO 2 | F12: =80-F11 -> 56.8 | G12: =+'CARCT VIA'!X11 -> 0.6 | H12: =+'CARCT VIA'!Y11-'CARCT VIA'!S8 -> 0.7 | I12: =+F12*(G12*2+H12*2+0.3) -> 164.72 | J12: 1 | K12: =+I12*J12 -> 164.72
E16: Total | K16: =SUM(K8:K15) -> 1898.48

Sheet 10
A1: MEMORIA DE CANTIDADES DE OBRA | M1: INDICE
A2: Fecha de elaboracion: 03 de septiembre de 2021 | E2: Versión: 1 | F2: Hoja: 23 de 28
A3: OBJETO: | D3: ='BASE PRESUPUESTO'!#REF! -> #REF!
A4: (a) ITEM Nº: | B4: =+'BASE PRESUPUESTO'!C26 -> 10 | C4: (b) DESCRIPCION ITEM | D4: =+VLOOKUP(B4,'BASE PRESUPUESTO'!C:L,5,FALSE) -> EXCAVACIONES VARIAS SIN CLASIFICAR (INCLUYE RETIRO DE SOBRANTES A UNA DISTANCIA MENOR DE 5 KM) | J4: (c) UND: | K4: =+VLOOKUP(B4,'BASE PRESUPUESTO'!C:L,6,FALSE) -> M3
A6: (d) PLANO DESCRIPTIVO DE LA MEMORIA | E6: (e) LOCALIZACION | F6: MEDIDAS | I6: (i) MEDIDA PARCIAL | J6: (j) N° DE ELEMENTOS | K6: (k) MEDIDA TOTAL
A7: PLANO: | E7: DESCRIPCION | F7: LARGO(M) | G7: ANCHO (M) | H7: ESPESOR (M) | I7: VOL (M3)
E8: VÍA
E9: FILTRO | F9: =+'CARCT VIA'!W11 -> 226.8 | G9: =+'CARCT VIA'!X11 -> 0.6 | H9: =+'CARCT VIA'!Y11-'CARCT VIA'!S8 -> 0.7 | I9: =+F9*G9*H9 -> 95.256 | J9: =+'CARCT VIA'!Z11 -> 2 | K9: =+I9*J9 -> 190.512
E10: CONEXIÓN FILTRO | F10: =3*1.4 -> 4.2 | G10: =+'CARCT VIA'!X11 -> 0.6 | H10: =+'CARCT VIA'!Y11-'CARCT VIA'!S8 -> 0.7 | I10: =+F10*G10*H10 -> 1.764 | J10: =4*2 -> 8 | K10: =+I10*J10 -> 14.112
E11: CONEXIÓN SUMIDERO | F11: =250-F9 -> 23.2 | G11: =+'CARCT VIA'!X11 -> 0.6 | H11: =+'CARCT VIA'!Y11+'CARCT VIA'!S5+'CARCT VIA'!S4 -> 1.51 | I11: =+F11*G11*H11 -> 21.0192 | J11: 1 | K11: =+I11*J11 -> 21.0192
E12: CONEXIÓN SUMIDERO 2 | F12: =80-F11 -> 56.8 | G12: =+'CARCT VIA'!X11 -> 0.6 | H12: =+'CARCT VIA'!Y11-'CARCT VIA'!S8 -> 0.7 | I12: =+F12*G12*H12 -> 23.856 | J12: 1 | K12: =+I12*J12 -> 23.856
E21: Total | K21: =SUM(K9:K20) -> 249.4992

Sheet 12
A1: MEMORIA DE CANTIDADES DE OBRA | M1: INDICE
A2: Fecha de elaboracion: 03 de septiembre de 2021 | E2: Versión: 1 | F2: Hoja: 20 de 28
A3: OBJETO: | D3: ='BASE PRESUPUESTO'!#REF! -> #REF!
A4: (a) ITEM Nº: | B4: =+'BASE PRESUPUESTO'!C28 -> 12 | C4: (b) DESCRIPCION ITEM | D4: =+VLOOKUP(B4,'BASE PRESUPUESTO'!C:L,5,FALSE) -> MATERIAL GRANULAR FILTRANTE | J4: (c) UND: | K4: =+VLOOKUP(B4,'BASE PRESUPUESTO'!C:L,6,FALSE) -> M3
A6: (d) PLANO DESCRIPTIVO DE LA MEMORIA | E6: (e) LOCALIZACION | F6: MEDIDAS | I6: (i) MEDIDA PARCIAL | J6: (j) N° DE ELEMENTOS | K6: (k) MEDIDA TOTAL
A7: PLANO: | E7: DESCRIPCION | F7: LARGO (M) | G7: ANCHO(M) | H7: PROFUNDIDAD(M) | I7: V(M3)
E8: FILTRO | M8: ORIGINALES
E9: =+'CARCT VIA'!V11 -> FILTRO | F9: =+'CARCT VIA'!W11 -> 226.8 | G9: =+'CARCT VIA'!X11 -> 0.6 | H9: =+'CARCT VIA'!Y11-'CARCT VIA'!S8 -> 0.7 | I9: =F9*G9*H9 -> 95.256 | J9: =+'CARCT VIA'!Z11 -> 2 | K9: =I9*J9 -> 190.512 | M9: 2
E10: CONEXIÓN FILTRO | F10: =3*1.4 -> 4.2 | G10: 0.6 | H10: =+'CARCT VIA'!Y11-'CARCT VIA'!S8 -> 0.7 | I10: =F10*G10*H10 -> 1.764 | J10: =4*2 -> 8 | K10: =I10*J10 -> 14.112 | M10: 1
E11: CONEXIÓN SUMIDERO | F11: =250-F9 -> 23.2 | G11: =+'CARCT VIA'!X11 -> 0.6 | H11: 0.3 | I11: =F11*G11*H11 -> 4.176 | J11: 1 | K11: =I11*J11 -> 4.176 | M11: 2
E12: CONEXIÓN SUMIDERO 2 | F12: =80-F11 -> 56.8 | G12: =+'CARCT VIA'!X11 -> 0.6 | H12: =+'CARCT VIA'!Y11-'CARCT VIA'!S8 -> 0.7 | I12: =F12*G12*H12 -> 23.856 | J12: 1 | K12: =I12*J12 -> 23.856
E18: Total | K18: =SUM(K9:K17) -> 232.656

Sheet 13
A1: MEMORIA DE CANTIDADES DE OBRA | M1: INDICE
A2: Fecha de elaboracion: 03 de septiembre de 2021 | E2: Versión: 1 | F2: Hoja: 20 de 28
A3: OBJETO: | D3: ='BASE PRESUPUESTO'!#REF! -> #REF!
A4: (a) ITEM Nº: | B4: =+'BASE PRESUPUESTO'!C29 -> 13 | C4: (b) DESCRIPCION ITEM | D4: =+VLOOKUP(B4,'BASE PRESUPUESTO'!C:L,5,FALSE) -> TUBERÍA DRENAJE PVC 110, INC TRITURADO | J4: (c) UND: | K4: =+VLOOKUP(B4,'BASE PRESUPUESTO'!C:L,6,FALSE) -> ML
A6: (d) PLANO DESCRIPTIVO DE LA MEMORIA | E6: (e) LOCALIZACION | F6: MEDIDAS | I6: (i) MEDIDA PARCIAL | J6: (j) N° DE ELEMENTOS | K6: (k) MEDIDA TOTAL
A7: PLANO: | E7: DESCRIPCION | F7: LARGO (M) | G7: ANCHO(M) | H7: PROFUNDIDAD(M) | I7: V(M3)
E8: FILTRO | M8: ORIGINALES
E9: =+'CARCT VIA'!V11 -> FILTRO | F9: =+'CARCT VIA'!W11 -> 226.8 | I9: =+F9 -> 226.8 | J9: =+'CARCT VIA'!Z11 -> 2 | K9: =I9*J9 -> 453.6 | M9: 2
E10: CONEXIÓN FILTRO | F10: =3*1.4 -> 4.2 | I10: =+F10 -> 4.2 | J10: =4*2 -> 8 | K10: =I10*J10 -> 33.6
E11: CONEXIÓN SUMIDERO | F11: =250-F9 -> 23.2 | I11: =+F11 -> 23.2 | J11: 1 | K11: =I11*J11 -> 23.2
E12: CONEXIÓN SUMIDERO 2 | F12: =80-F11 -> 56.8 | I12: =+F12 -> 56.8 | J12: 1 | K12: =I12*J12 -> 56.8
E19: Total | K19: =SUM(K9:K18) -> 567.2

Sheet 14
A1: MEMORIA DE CANTIDADES DE OBRA | M1: INDICE
A2: Fecha de elaboracion: 03 de septiembre de 2021 | E2: Versión: 1 | F2: Hoja: 16 de 28
A3: OBJETO: | D3: ='BASE PRESUPUESTO'!#REF! -> #REF!
A4: (a) ITEM Nº: | B4: =+'BASE PRESUPUESTO'!C32 -> 14 | C4: (b) DESCRIPCION ITEM | D4: =+VLOOKUP(B4,'BASE PRESUPUESTO'!C:L,5,FALSE) -> NIVELACIÓN DE POZOS DE INSPECCIÓN Di=1.20M, E=0.25M, H=0,21M(INCLUYE PAÑETE INTERNO Y DEMOLICIÓN) | J4: (c) UND: | K4: =+VLOOKUP(B4,'BASE PRESUPUESTO'!C:L,6,FALSE) -> UN
A6: (d) PLANO DESCRIPTIVO DE LA MEMORIA | E6: (e) LOCALIZACION | F6: MEDIDAS | I6: (i) MEDIDA PARCIAL | J6: (j) N° DE ELEMENTOS | K6: (k) MEDIDA TOTAL
A7: PLANO: | E7: DESCRIPCION | F7: UNIDAD | I7: UND
E8: ALCANTARILLAS
E9: VIAS | F9: 9 | I9: =+F9 -> 9 | J9: 1 | K9: =I9*J9 -> 9
E26: Total | K26: =+IF(SUM(K9:K25)>0,SUM(K9:K25),0) -> 9

Sheet 15
A1: MEMORIA DE CANTIDADES DE OBRA | M1: INDICE
A2: Fecha de elaboracion: 03 de septiembre de 2021 | E2: Versión: 1 | F2: Hoja: 20 de 28
A3: OBJETO: | D3: ='[7]BASE PRESUPUESTO'!#REF! -> #REF!
A4: (a) ITEM Nº: | B4: =+'BASE PRESUPUESTO'!C33 -> 15 | C4: (b) DESCRIPCION ITEM | D4: =+VLOOKUP(B4,'BASE PRESUPUESTO'!C:L,5,FALSE) -> CONCRETO CLASE F, 2000 PSI PARA SOLADOS Y ATRAQUES | J4: (c) UND: | K4: =+VLOOKUP(B4,'BASE PRESUPUESTO'!C:L,6,FALSE) -> M3
A6: (d) PLANO DESCRIPTIVO DE LA MEMORIA | E6: (e) LOCALIZACION | F6: MEDIDAS | I6: (i) MEDIDA PARCIAL | J6: (j) N° DE ELEMENTOS | K6: (k) MEDIDA TOTAL
A7: PLANO: | E7: DESCRIPCION | F7: VOL (M3) | I7: V(M3)
E8: VASTAGO
E9: SUMIDERO ST-2 | F9: 0.4 | I9: =+F9 -> 0.4 | J9: =+'CARCT VIA'!AE4 -> 1 | K9: =I9*J9 -> 0.4
E17: Total | K17: =SUM(K9:K16) -> 0.4

Sheet 16
A1: MEMORIA DE CANTIDADES DE OBRA | M1: INDICE
A2: Fecha de elaboracion: 03 de septiembre de 2021 | E2: Versión: 1 | F2: Hoja: 20 de 28
A3: OBJETO: | D3: ='[7]BASE PRESUPUESTO'!#REF! -> #REF!
A4: (a) ITEM Nº: | B4: =+'BASE PRESUPUESTO'!C34 -> 16 | C4: (b) DESCRIPCION ITEM | D4: =+VLOOKUP(B4,'BASE PRESUPUESTO'!C:L,5,FALSE) -> CONCRETOS CLASE D, f´c =3000 psi (bases) | J4: (c) UND: | K4: =+VLOOKUP(B4,'BASE PRESUPUESTO'!C:L,6,FALSE) -> M3
A6: (d) PLANO DESCRIPTIVO DE LA MEMORIA | E6: (e) LOCALIZACION | F6: MEDIDAS | I6: (i) MEDIDA PARCIAL | J6: (j) N° DE ELEMENTOS | K6: (k) MEDIDA TOTAL
A7: PLANO: | E7: DESCRIPCION | F7: ANCHO (M) | G7: LARGO (M) | H7: ESPESOR (M) | I7: V(M3)
E8: VASTAGO
E9: SUMIDERO ST-2 | F9: 1.2 | G9: =+'CARCT VIA'!AD4 -> 6 | H9: 0.2 | I9: =+F9*G9*H9 -> 1.44 | J9: =+'CARCT VIA'!AE4 -> 1 | K9: =I9*J9 -> 1.44
E17: Total | K17: =SUM(K9:K16) -> 1.44

Sheet 17
A1: MEMORIA DE CANTIDADES DE OBRA | M1: INDICE
A2: Fecha de elaboracion: 03 de septiembre de 2021 | E2: Versión: 1 | F2: Hoja: 20 de 28
A3: OBJETO: | D3: ='[7]BASE PRESUPUESTO'!#REF! -> #REF!
A4: (a) ITEM Nº: | B4: =+'BASE PRESUPUESTO'!C35 -> 17 | C4: (b) DESCRIPCION ITEM | D4: =+VLOOKUP(B4,'BASE PRESUPUESTO'!C:L,5,FALSE) -> CONCRETOS CLASE D, f´c =3000 psi (elevaciones) | J4: (c) UND: | K4: =+VLOOKUP(B4,'BASE PRESUPUESTO'!C:L,6,FALSE) -> M3
A6: (d) PLANO DESCRIPTIVO DE LA MEMORIA | E6: (e) LOCALIZACION | F6: MEDIDAS | I6: (i) MEDIDA PARCIAL | J6: (j) N° DE ELEMENTOS | K6: (k) MEDIDA TOTAL
A7: PLANO: | E7: DESCRIPCION | F7: ANCHO (M) | G7: LARGO (M) | H7: ESPESOR (M) | I7: V(M3)
E8: VASTAGO
E9: SUMIDERO ST-2 LATERALES | F9: 1.2 | G9: 1 | H9: 0.2 | I9: =+F9*G9*H9 -> 0.24 | J9: =+'CARCT VIA'!$AE$4*2 -> 2 | K9: =I9*J9 -> 0.48
E10: SUMIDERO ST-2 FRONTALES | F10: =+'[7]CARCT VIA'!AS4 -> 6 | G10: =+(1+1.17)/2 -> 1.085 | H10: 0.2 | I10: =+F10*G10*H10 -> 1.302 | J10: =+'CARCT VIA'!$AE$4*2 -> 2 | K10: =I10*J10 -> 2.604
E11: SUMIDERO ST-2 FRONTALES TUBERIA | F11: 1.4 | G11: 0.71 | H11: 0.2 | I11: =+F11*G11*H11 -> 0.1988 | J11: =+'CARCT VIA'!$AE$4*4 -> 4 | K11: =I11*J11 -> 0.7952
E17: Total | K17: =SUM(K9:K16) -> 3.8792

Sheet 18
A1: MEMORIA DE CANTIDADES DE OBRA | M1: INDICE
A2: Fecha de elaboracion: 03 de septiembre de 2021 | E2: Versión: 1 | F2: Hoja: 20 de 28
A3: OBJETO: | D3: ='[7]BASE PRESUPUESTO'!#REF! -> #REF!
A4: (a) ITEM Nº: | B4: =+'BASE PRESUPUESTO'!C36 -> 18 | C4: (b) DESCRIPCION ITEM | D4: =+VLOOKUP(B4,'BASE PRESUPUESTO'!C:L,5,FALSE) -> SUMINISTRO FIGURADO Y ARMADO DE ACERO DE REFUERZO 60000 PSI | J4: (c) UND: | K4: =+VLOOKUP(B4,'BASE PRESUPUESTO'!C:L,6,FALSE) -> KG
A6: (d) PLANO DESCRIPTIVO DE LA MEMORIA | E6: (e) LOCALIZACION | F6: MEDIDAS | I6: (i) MEDIDA PARCIAL | J6: (j) N° DE ELEMENTOS | K6: (k) MEDIDA TOTAL
A7: PLANO: | E7: DESCRIPCION | F7: PESO (KG) | I7: PESO (KG)
E8: VASTAGO
E9: SUMIDERO ST-2 | F9: =241+200 -> 441 | I9: =+F9 -> 441 | J9: =+'CARCT VIA'!AE4 -> 1 | K9: =I9*J9 -> 441
E17: Total | K17: =SUM(K9:K16) -> 441

Sheet 19
A1: MEMORIA DE CANTIDADES DE OBRA | M1: INDICE
A2: Fecha de elaboracion: 03 de septiembre de 2021 | E2: Versión: 1 | F2: Hoja: 20 de 28
A3: OBJETO: | D3: ='[7]BASE PRESUPUESTO'!#REF! -> #REF!
A4: (a) ITEM Nº: | B4: =+'BASE PRESUPUESTO'!C37 -> 19 | C4: (b) DESCRIPCION ITEM | D4: =+VLOOKUP(B4,'BASE PRESUPUESTO'!C:L,5,FALSE) -> TUBERÍA DRENAJE PVC 160, INC TRITURADO | J4: (c) UND: | K4: =+VLOOKUP(B4,'BASE PRESUPUESTO'!C:L,6,FALSE) -> ML
A6: (d) PLANO DESCRIPTIVO DE LA MEMORIA | E6: (e) LOCALIZACION | F6: MEDIDAS | I6: (i) MEDIDA PARCIAL | J6: (j) N° DE ELEMENTOS | K6: (k) MEDIDA TOTAL
A7: PLANO: | E7: DESCRIPCION | F7: LARGO (M) | I7: V(M3)
E8: FILTRO | M8: ORIGINALES
E9: SUMIDERO ST-2 | F9: 0.5 | I9: =+F9 -> 0.5 | J9: =+'CARCT VIA'!AE4*3 -> 3 | K9: =I9*J9 -> 1.5 | M9: 2
E19: Total | K19: =SUM(K9:K17) -> 1.5

Sheet 20
A1: MEMORIA DE CANTIDADES DE OBRA | M1: INDICE
A2: Fecha de elaboracion: 03 de septiembre de 2021 | E2: Versión: 1 | F2: Hoja: 20 de 28
A3: OBJETO: | D3: ='[7]BASE PRESUPUESTO'!#REF! -> #REF!
A4: (a) ITEM Nº: | B4: =+'BASE PRESUPUESTO'!C38 -> 20 | C4: (b) DESCRIPCION ITEM | D4: =+VLOOKUP(B4,'BASE PRESUPUESTO'!C:L,5,FALSE) -> TUBERÍA PVC ALCANTARILLADO 16" | J4: (c) UND: | K4: =+VLOOKUP(B4,'BASE PRESUPUESTO'!C:L,6,FALSE) -> ML
A6: (d) PLANO DESCRIPTIVO DE LA MEMORIA | E6: (e) LOCALIZACION | F6: MEDIDAS | I6: (i) MEDIDA PARCIAL | J6: (j) N° DE ELEMENTOS | K6: (k) MEDIDA TOTAL
A7: PLANO: | E7: DESCRIPCION | F7: LARGO (M) | I7: V(M3)
E8: FILTRO | M8: ORIGINALES
E9: SUMIDERO ST-2 | F9: 4 | I9: =+F9 -> 4 | J9: =+'CARCT VIA'!AE4 -> 1 | K9: =I9*J9 -> 4 | M9: 2
E19: Total | K19: =SUM(K9:K17) -> 4

Sheet 21
A1: MEMORIA DE CANTIDADES DE OBRA | M1: INDICE
A2: Fecha de elaboracion: 03 de septiembre de 2021 | E2: Versión: 1 | F2: Hoja: 20 de 28
A3: OBJETO: | D3: ='[7]BASE PRESUPUESTO'!#REF! -> #REF!
A4: (a) ITEM Nº: | B4: =+'BASE PRESUPUESTO'!C39 -> 21 | C4: (b) DESCRIPCION ITEM | D4: =+VLOOKUP(B4,'BASE PRESUPUESTO'!C:L,5,FALSE) -> SUMINISTRO E INSTALACIÓN DE REJILLA PARA SUMIDERO 50 CM | J4: (c) UND: | K4: =+VLOOKUP(B4,'BASE PRESUPUESTO'!C:L,6,FALSE) -> UN
A6: (d) PLANO DESCRIPTIVO DE LA MEMORIA | E6: (e) LOCALIZACION | F6: MEDIDAS | I6: (i) MEDIDA PARCIAL | J6: (j) N° DE ELEMENTOS | K6: (k) MEDIDA TOTAL
A7: PLANO: | E7: DESCRIPCION | F7: LARGO (M) | I7: V(M3)
E8: FILTRO | M8: ORIGINALES
E9: SUMIDERO ST-2 | F9: =+ROUNDUP('CARCT VIA'!AD4/0.9,0) -> 7 | I9: =+F9 -> 7 | J9: =+'CARCT VIA'!AE4 -> 1 | K9: =I9*J9 -> 7 | M9: 2
E19: Total | K19: =SUM(K9:K17) -> 7
